 Dungeon Crawl Stone Soup version 0.16-a0-1029-gdfc7942 (webtiles) character file.

6386573 gorgonitescum the Imperceptible (level 27, 120/120 HPs)
             Began as a Vine Stalker Air Elementalist on Oct 4, 2014.
             Was the Champion of Dithmenos.
             Escaped with the Orb
             ... and 7 runes on Oct 6, 2014!
             The game lasted 10:13:51 (56299 turns).

gorgonitescum the Imperceptible (VSAE)             Turns: 56299, Time: 10:13:51

HP 120/120       AC 27     Str 12 (13) XL: 27
MP   7/32        EV 25     Int 28      God: Dithmenos [******]
Gold 4386        SH  7     Dex 19 (20) Spells: 14 memorised,  4 levels left

rFire  + + +     SeeInvis .     a - +9 quick blade (freeze)
rCold  + + +     Clarity  .     D - +5 ring mail {rF+}
rNeg   + + +     rCorr    +     K - +1 buckler {rC+}
rPois  +         rRot     +     W - +2 hat of the Alchemist {rElec rF+ rC+ MR+}
rElec  +         Spirit   +     y - +2 cloak {MR+}
SustAb .         Warding  .     I - +2 pair of gloves {Dex+3}
rMut   .         Stasis   .     P - +1 pair of boots of the Kangaroo {Dex+3 Int+2 Curse}
Gourm  .                        s - amulet of regeneration
MR     +++++                    B - +4 ring of slaying
                                n - cursed +3 ring of protection

@: brilliant, about to teleport, shadow-form, silence, resistant, contaminated,
hasted, glowing, deflect missiles, drained, invisible (but backlit and visible),
very quick, immune to hostile enchantments, unstealthy
A: fangs 3, talons 1, blurry vision 3, clumsy 2, deterioration 1, frail 2, low
mp 2, regeneration 3, screaming 1, weak 1, magic shield, antimagic bite, no
device heal 3, rot immunity
a: End Transformation
0: Orb of Zot
}: 7/15 runes: icy, bone, demonic, glowing, magical, fiery, dark


You escaped.
You worshipped Dithmenos.
Dithmenos was exalted by your worship.
You were not hungry.
You were a swirling mass of dark shadows.
You visited 10 branches of the dungeon, and saw 56 of its levels.
You visited Pandemonium 1 time, and saw 22 of its levels.
You visited 1 bazaar.
You also visited: Ice Cave, Volcano and Wizlab.

You collected 7842 gold pieces.
You spent 3456 gold pieces at shops.


Innate Abilities, Weirdness & Mutations

You have razor-sharp teeth.
You regenerate.
When hurt, damage is shared between your health and your magic reserves.
Your bite disrupts and absorbs the magic of your enemies.
Potions and wands cannot restore your health.
You are immune to rotting.
You have sharp toenails.
Your vision is extremely blurry.
You are very clumsy. (Dex -4)
Your body is slowly deteriorating.
You are very frail (-20% HP).
Your magical capacity is very low (-20% MP).
You occasionally shout uncontrollably at your foes.
You are weak. (Str -2)


   Skills:
 - Level 17.2(16.3) Fighting
 - Level 12.0(11.1) Short Blades
 - Level 4.0(3.3) Throwing
 - Level 13.5(12.6) Armour
 + Level 20.5(19.5) Dodging
 - Level 21.0(20.0) Stealth
 - Level 6.4(5.7) Shields
 - Level 10.0(9.2) Spellcasting
 - Level 14.7(13.8) Conjurations
 - Level 11.2(10.4) Charms
 - Level 6.0(5.3) Necromancy
 - Level 14.1(13.2) Air Magic
 - Level 10.3(9.5) Invocations


You had 4 spell levels left.
You knew the following spells:

 Your Spells              Type           Power        Failure   Level  Hunger
a - Shock                 Conj/Air       ####         1%          1    None
b - Animate Dead          Necr           N/A          1%          4    None
c - Lightning Bolt        Conj/Air       ####......   1%          5    ###....
d - Sure Blade            Hex/Chrm       ##........   1%          2    None
e - Repel Missiles        Chrm/Air       ###...       1%          2    None
f - Cure Poison           Pois           #.........   1%          2    None
g - Deflect Missiles      Chrm/Air       ###.......   1%          6    #####..
h - Apportation           Tloc           #.........   1%          1    None
s - Regeneration          Chrm/Necr      ###.......   1%          3    None
w - Swiftness             Chrm/Air       ###.....     1%          2    None
x - Static Discharge      Conj/Air       ####....     1%          3    None
z - Haste                 Chrm           ###.....     1%          6    #####..
B - Blink                 Tloc           N/A          1%          2    None
V - Flight                Chrm/Air       ###.......   1%          3    None

Inventory:

Hand weapons
 a - a +9 quick blade of freezing (weapon)
 w - a +0 blowgun
Missiles
 e - 3 needles of paralysis
 J - 3 throwing nets (quivered) {=f!d}
 O - 6 curare-tipped needles {=f!d}
Armour
 y - a +2 cloak of magic resistance (worn)
 D - a +5 ring mail of fire resistance (worn)
 I - a +2 pair of gloves of dexterity (worn)
 K - a +1 buckler of cold resistance (worn)
 P - the +1 pair of boots of the Kangaroo (worn) {Dex+3 Int+2 Curse}
   (You found it on level 7 of the Dungeon)

   It affects your intelligence (+2).
   It affects your dexterity (+3).
   It may recurse itself when equipped.
 W - the +2 hat of the Alchemist (worn) {rElec rF+ rC+ MR+}
   (You found it on level 3 of the Elven Halls)

   It protects you from fire.
   It protects you from cold.
   It insulates you from electricity.
   It affects your resistance to hostile enchantments.
Magical devices
 c - a wand of heal wounds (3) {greatest ally}
 S - a wand of disintegration (6)
 X - a wand of teleportation (3) {!d}
Comestibles
 i - 2 bread rations
Scrolls
 d - 14 scrolls of remove curse
 h - 2 scrolls of enchant armour
 j - a scroll of identify
 l - 4 scrolls of recharging
 o - 2 scrolls of enchant weapon
 p - 2 scrolls of fog
 u - a scroll of holy word
 v - 8 scrolls of blinking
 x - 6 scrolls of teleportation
 T - 6 scrolls of fear
 Y - 2 scrolls of vulnerability
Jewellery
 n - a cursed +3 ring of protection (left hand)
 s - an amulet of regeneration (around neck)
 B - a +4 ring of slaying (right hand)
 E - an uncursed amulet of guardian spirit {unknown}
 F - an uncursed amulet of guardian spirit {unknown}
Potions
 g - 18 potions of curing
 r - 12 potions of brilliance
 C - a potion of cure mutation
 H - 5 potions of cancellation
 L - 5 potions of berserk rage
 M - 4 potions of invisibility
 Z - 3 potions of resistance
Books
 N - the Incunabulum of Flight and Damage Dealing
   (You found it on level 3 of the Elven Halls)

   Spells                             Type                      Level
   *Shock                             Conjuration/Air              1
   *Swiftness                         Charms/Air                   2
   Conjure Ball Lightning             Conjuration/Air              6
   Tornado                            Air                          9
Magical staves
 b - an uncursed staff of wizardry
 q - an uncursed staff of air

Dungeon Overview and Level Annotations

Branches:
Dungeon (15/15)            Temple (1/1) D:6             Orc (4/4) D:9
    Elf (3/3) Orc:4          Lair (8/8) D:10          Swamp (0/5) Lair:4
  Snake (0/5) Lair:6        Slime (0/6) Lair:7       Vaults (0/5) D:13
 Depths (5/5) D:15           Hell (1/1)                 Coc (7/7) Hell
    Tar (7/7) Hell            Zot (5/5) Depths:5
    Dis: Hell:1         Geh: Hell:1

Altars:
Ashenzari
Cheibriados
Dithmenos
Elyvilon
Fedhas
Gozag
Kikubaaqudgha
Makhleb
Nemelex Xobeh
Okawaru
Qazlal
Ru
Sif Muna
Vehumet
Xom
Yredelemnul
Zin
The Shining One
Beogh
Jiyva

Shops:
D:5 *   D:6 :[??[   D:10 }   D:12 !   Orc:1 (   Orc:2 *   Orc:4 (([*   Elf:1 =
Elf:2 ***}   Depths:3 *

Portals:
Abyss: Depths:4
Pandemonium: Depths:3 Depths:4
Ziggurat: Depths:3

Annotations:
D:3 teletrap with things, Purgy, Sigmund
D:9 exclusion: door
Depths:1 Asterion
Hell exclusion: 2 ice statues
Coc:7 exclusion: 2 ice statues

.# #.# #.# #.# .#
#.# ### #.# #.# .#
#.# #.# #.# #.# .#
#.# #.#####.# #.#
.#######.#
#....##.# #.#
.......#.#
#..§§##.########.#
########.#
#..§§##§.........#
# #.#
#..§g8§###########
# #.# #..§lW## #
#.# #..§b8#
########.###..§§##
..............§.#
.........##...§§#
.........###.####
########.# #.# #
#.# ### #
#.###########


You could see a friendly goblin, a friendly bat and a friendly giant newt.


Message History

Unknown command.
Use which ability? (? or * to list)
You fail to use your ability.
Use which ability? (? or * to list)
You fail to use your ability.
Use which ability? (? or * to list)
You turn into a swirling mass of dark shadows.
You feel drained.
You feel less conspicuous.
Drink which item? (? for menu, Esc to quit)
Okay, then.
Read which item? (? for menu, Esc to quit)
The writing blurs in front of your eyes.
Evoke which item? (* to show all) (? for menu, Esc to quit)
Zapping:
X - a wand of teleportation (4) {!d} You feel strangely unstable.
You feel the orb delaying this translocation!
This wand has 3 charges left.
Read which item? (? for menu, Esc to quit)
The writing blurs in front of your eyes.
Read which item? (? for menu, Esc to quit)
As you read the scroll of fog, it crumbles to dust.
The scroll dissolves into smoke.
Read which item? (? for menu, Esc to quit)
As you read the scroll of silence, it crumbles to dust.
A profound silence engulfs you.
Your body shudders with the violent release of wild energies!
Your vision blurs.
You feel less contaminated with magical energies.
Unknown command.
You have escaped!

Action                   |  1- 3 |  4- 6 |  7- 9 | 10-12 | 13-15 | 16-18 | 19-21 | 22-24 | 25-27 || total
-------------------------+-------+-------+-------+-------+-------+-------+-------+-------+-------++-------
Melee: Dagger            |    69 |       |       |       |       |       |       |       |       ||    69
       Unarmed           |     3 |       |       |     2 |       |       |       |       |       ||     5
       Hand axe          |     3 |       |       |       |       |       |       |       |       ||     3
       Short sword       |    12 |    75 |   252 |   888 |  1208 |   188 |       |       |       ||  2623
       Quick blade       |       |       |       |       |       |  1268 |  1844 |  1903 |  1686 ||  6701
 Fire: Blowgun           |       |       |       |       |       |       |       |       |     3 ||     3
Throw: Stone             |       |       |       |       |     1 |       |       |       |       ||     1
       Throwing net      |       |       |       |       |       |    10 |     2 |     1 |    13 ||    26
 Cast: Shock             |    19 |    12 |    63 |    80 |    18 |    50 |    18 |     8 |     4 ||   272
       Repel Missiles    |     1 |     1 |     1 |     1 |       |     3 |     4 |     1 |       ||    12
       Swiftness         |       |     1 |     1 |     1 |       |       |       |       |       ||     3
       Static Discharge  |       |       |    35 |    86 |    41 |     6 |     5 |       |       ||   173
       Lightning Bolt    |       |       |     4 |    25 |    44 |    71 |    84 |     4 |       ||   232
       Flight            |       |       |       |     1 |     2 |     1 |       |    10 |    18 ||    32
       Regeneration      |       |       |       |       |       |    13 |     8 |    41 |    34 ||    96
       Cure Poison       |       |       |       |       |       |       |     3 |     5 |     7 ||    15
       Haste             |       |       |       |       |       |       |     1 |    22 |    32 ||    55
       Deflect Missiles  |       |       |       |       |       |       |       |     5 |     6 ||    11
       Sure Blade        |       |       |       |       |       |       |       |     4 |    12 ||    16
       Apportation       |       |       |       |       |       |       |       |     1 |     4 ||     5
       Blink             |       |       |       |       |       |       |       |       |     5 ||     5
Invok: Shadow Form       |       |       |       |     1 |     1 |       |     2 |       |     1 ||     5
       Shadow Step       |       |       |       |       |     1 |     5 |     6 |     6 |     4 ||    22
 Abil: End Transformatio |       |       |       |       |     1 |       |       |       |       ||     1
Evoke: Wand              |       |     3 |     9 |     5 |     6 |     1 |    11 |     5 |    21 ||    61
  Use: Scroll            |     1 |     4 |     6 |    13 |    18 |    15 |    13 |    16 |    19 ||   105
       Potion            |       |       |     2 |     2 |     1 |     6 |     3 |     7 |    20 ||    41
 Stab: Sleeping          |     2 |     8 |     8 |    52 |   121 |    19 |    54 |    66 |    36 ||   366
       Distracted        |       |       |     1 |     2 |     6 |     6 |    13 |    14 |     2 ||    44
       Confused          |       |       |       |       |     2 |       |       |       |       ||     2
       Held in net/web   |       |       |       |       |       |     5 |     2 |     1 |     5 ||    13
       Invisible         |       |       |       |       |       |       |     5 |       |       ||     5
  Eat: Royal jelly       |     1 |       |       |     1 |       |       |     1 |       |     1 ||     4
       Bread ration      |     1 |       |     1 |     3 |     3 |     2 |     1 |     2 |     9 ||    22
       Fruit             |       |     3 |     5 |       |     8 |     2 |     6 |     2 |       ||    26
       Chunk             |       |       |     3 |     4 |     4 |     7 |    10 |     1 |       ||    29
       Meat ration       |       |       |     2 |     3 |     4 |     4 |     2 |     7 |       ||    22
       Beef jerky        |       |       |       |     8 |     3 |     2 |     1 |     1 |       ||    15
       Pizza             |       |       |       |       |     2 |       |       |       |       ||     2

Vault maps used:
D:1:      mrwooster_arrival_statue, serial_park_tiny_pond, feat_on_display
D:2:      fedhas_altar_3, first_bread
D:3:      nicolae_tso_carved_into_rock, baited_tele_trap, uniq_purgy,
          uniq_sigmund
D:4:      wad_crossroads, uniq_edmund, uniq_blork_the_orc, uniq_grinder
D:5:      serial_shops, shop_statue
D:6:      minmay_temple_entry_glassed_door, serial_shops, shop,
          nicolae_shop_trees, nicolae_shop_stone, shop, shop, uniq_menkaure
D:7:      minitemple, serial_bayou, serial_bayou_pond_a, serial_bayou_pond_e,
          serial_bayou_pond_c, serial_bayou_crossing, serial_bayou_pond_a,
          basic_altar
D:8:      gammafunk_temple_overflow_wave, nicolae_overflow_hidden_temple,
          grunt_dithmenos_shadows, uniq_duvessa, uniq_eustachio, uniq_pikel
D:9:      orc_0_dummy, grunt_ogre_cave, led_sif_book
D:10:     david_lair_shrubbed, serial_shops, shop
D:11:     dragon1_lemuel, kennysheep_generic_room_15
D:12:     serial_shops, shop, st_stairs_2, minmay_misc_feat_cross
D:13:     lightli_vaults_fourway_checkpoint
D:14:     serial_bayou_pond_e
D:15:     gammafunk_depths_entry_grave, moated_statue
Temple:   nicolae_temple_great_sept
Orc:1:    serial_shops, nicolae_shop_stone, portal_ice_cave_entry_pillars_02,
          nicolae_orc_lost_temple
Orc:2:    serial_shops, shop
Orc:3:    nicolae_orc_pool_cavern, minmay_orc_keep, uniq_nergalle
Orc:4:    special_room, grunt_orc_community_town_hall,
          grunt_orc_community_big_house_1, grunt_orc_community_big_house_2,
          grunt_orc_community_house_3, grunt_orc_community_house_2,
          grunt_orc_community_house_3, grunt_orc_community_house_3,
          grunt_orc_community_house_3, grunt_orc_community_house_1
Elf:1:    eino_elf_arrival_customs, serial_shops, shop_coins,
          minmay_elf_crystal_heptagon, fake_guardian_serpent_vault
Elf:2:    serial_shops, nicolae_shop_competitors_out_of_business,
          nicolae_shop_behind_doors, shop, shop, mu_enter_wizlab_2
Elf:3:    grunt_elf_hall_branching, lemuel_flamethrower_hall, uniq_frances
Lair:1:   serial_bayou_pond_b, grunt_forest_small_clearing_treed
Lair:2:   guppyfry_lair_drakes, serial_bayou_shore_b, grunt_megastairs_4,
          serial_bayou_shore_b
Lair:4:   minmay_swamp_entry_reptiles, beast_lair_carwin_10
Lair:5:   serial_bayou_shore_a, uniq_maud
Lair:6:   nicolae_swamp_entry_splash_gauntlet,
          minmay_snake_entry_guardpost_small, serial_bayou_shore_b
Lair:7:   slime_altar_1, beast_lair_carwin_6, lemuel_fruit_fields
Lair:8:   grunt_lair_end_beastmaster, nicolae_volcano_entry_batcave,
          minmay_hedge_maze, nicolae_quartered_pool_medium, zaba_antful_of_joy
Depths:1: grunt_hell_entry_dis_mu, minmay_misc_feat_secret_circle,
          nooodl_food_tri, roderic_lattice_octagonal_star, uniq_asterion
Depths:2: minmay_central_circle, hell_entry, serial_sigils,
          serial_sigils_hangedman_etch, serial_sigils_hangedman_gnaw,
          serial_sigils_hangedman_gut, serial_sigils_hangedman_quiver,
          serial_sigils_hangedman_quiver, serial_bayou_shore_b
Depths:3: wad_lake_hut, enter_ziggurat_e, lightli_too_deep, pan_entry,
          serial_shops, kennysheep_little_box, uniq_mara
Depths:4: evilmike_boring_beetle, pf_coc_iceberg, kennysheep_minor_cross,
          abyss_entry, rand_demon_pan_entry_4, minivault_14, spider_trap
Depths:5: grunt_twist_and_shout, hell_entry, serial_shops, bzr_entry_water,
          hex_tiny, hangedman_abyss_or_decor_stabs
Coc:7:    coc_mu
Tar:1:    nicolae_tar_cuneiform_heaven, evilmike_ambush
Tar:5:    nicolae_tar_cuneiform_two, nicolae_tar_cuneiform_sun,
          nicolae_tar_cuneiform_not
Tar:6:    grunt_megastairs_2
Tar:7:    tar_minmay_river
Zot:3:    grunt_ministairs_6
Zot:4:    grunt_ministairs_9, zot_minivault_2
Pan:      rand_demon_9, pan_blood_fountain_small, grunt_pan_spiral,
          nicolae_pan_lom_lobonic_2, rand_demon_5, pan_blood_fountain_small,
          grunt_pan_pentagram, enter_ziggurat_pan_d,
          nicolae_pan_gloorx_vloqian_4, grunt_pan_zigzag, enter_ziggurat_pan_d,
          rand_demon_7, evilmike_holy_pan, evilmike_mini_pan_corridor, mnoleg,
          pan_blood_fountain, evilmike_mini_pan_3x3, lemuel_draining_boxes,
          pan_blood_fountain_small, nicolae_pan_mnolegish_4,
          nicolae_pan_sigil_uleosi, evilmike_cerebov_lava, gloorx_vloq_st,
          rand_demon_3, grunt_pan_frozen_over, nicolae_pan_mnolegish_3,
          lemuel_hellion_island, nicolae_pan_gloorx_vloqian_4,
          nicolae_pan_sigil_uleosi, rand_demon_8, lom_lobon_grunt,
          pan_captured_pigsty, evilmike_mini_pan_doors_b,
          nicolae_pan_mnolegish_4, grunt_pan_sceptre, grunt_pan_sceptre,
          nicolae_pan_cerebovesque_1, rand_demon_6, nicolae_pan_gloorx_vloqian_2
Bazaar:   bazaar_minmay_cross
IceCv:    ice_cave_small_demon
Volcano:  volcano_village
WizLab:   wizlab_zonguldrok

Notes
Turn   | Place    | Note
--------------------------------------------------------------
     0 | D:1      | gorgonitescum, the Vine Stalker Air Elementalist, began the quest for the Orb.
     0 | D:1      | Reached XP level 1. HP: 9/9 MP: 3/3
   415 | D:1      | Reached skill level 2 in Conjurations
   415 | D:1      | Reached XP level 2. HP: 5/13 MP: 0/5
   938 | D:2      | Found a blossoming altar of Fedhas.
  1195 | D:2      | Learned a level 2 spell: Repel Missiles
  1198 | D:2      | Learned a level 2 spell: Swiftness
  1209 | D:2      | Reached XP level 3. HP: 11/16 MP: 2/7
  1504 | D:2      | Reached skill level 3 in Conjurations
  1662 | D:3      | Noticed Purgy
  1686 | D:3      | Noticed Zero's ghost (average VSAs)
  1696 | D:3      | Killed Zero's ghost
  1696 | D:3      | Reached skill level 3 in Spellcasting
  1696 | D:3      | Reached XP level 4. HP: 15/21 MP: 1/11
  1802 | D:3      | Noticed Sigmund
  1952 | D:3      | Found a glowing golden altar of the Shining One.
  2012 | D:3      | Reached XP level 5. HP: 24/24 MP: 14/14
  2825 | D:4      | Reached skill level 4 in Conjurations
  2840 | D:4      | Reached skill level 4 in Spellcasting
  2983 | D:4      | Gained mutation: You heal very quickly. [vine stalker growth]
  2983 | D:4      | Reached XP level 6. HP: 28/28 MP: 17/17
  2984 | D:4      | Noticed Grinder
  2990 | D:4      | Killed Grinder
  2990 | D:4      | Reached skill level 5 in Air Magic
  2990 | D:4      | Reached XP level 7. HP: 32/32 MP: 18/18
  2995 | D:4      | Learned a level 3 spell: Static Discharge
  3001 | D:4      | Learned a level 5 spell: Lightning Bolt
  3054 | D:4      | Reached skill level 2 in Dodging
  3302 | D:4      | Noticed Blork the orc
  3321 | D:4      | Killed Blork the orc
  3321 | D:4      | Reached skill level 3 in Dodging
  3501 | D:4      | Noticed an ogre
  3541 | D:4      | Killed an ogre
  3607 | D:4      | Noticed Edmund
  3626 | D:4      | Killed Edmund
  3626 | D:4      | Reached skill level 4 in Dodging
  4054 | D:5      | Entered Level 5 of the Dungeon
  4285 | D:5      | Gained mutation: You have razor-sharp teeth. [vine stalker growth]
  4285 | D:5      | Reached XP level 8. HP: 34/36 MP: 18/20
  4403 | D:5      | Reached skill level 5 in Conjurations
  4433 | D:5      | Found Syedyefy's Assorted Antiques.
  4513 | D:5      | Reached skill level 1 in Short Blades
  4582 | D:5      | Reached skill level 2 in Short Blades
  4676 | D:5      | Reached skill level 3 in Short Blades
  4998 | D:4      | Reached skill level 4 in Short Blades
  5188 | D:5      | Bought a scroll labeled WOIXETA MITI for 27 gold pieces
  5188 | D:5      | Bought a cloak for 121 gold pieces
  5188 | D:5      | Bought a slimy yellow potion for 24 gold pieces
  5324 | D:6      | Found Qud Esu's Magic Scroll Boutique.
  5329 | D:6      | Found Travuv's Magic Scroll Emporium.
  5418 | D:6      | Found Pload's Antique Armour Shoppe.
  5587 | D:6      | Reached skill level 5 in Short Blades
  5605 | D:6      | Reached XP level 9. HP: 26/39 MP: 5/21
  5725 | D:6      | Found Thij's Book Boutique.
  5878 | D:6      | Found Pnuleaq's Antique Armour Shoppe.
  5992 | D:6      | Reached skill level 6 in Short Blades
  5997 | D:6      | Noticed Menkaure
  6077 | D:6      | Killed Menkaure
  6093 | D:6      | Found a staircase to the Ecumenical Temple.
  6139 | Temple   | Entered the Ecumenical Temple
  6673 | D:6      | Bought a scroll of identify for 22 gold pieces
  6673 | D:6      | Bought a scroll of identify for 22 gold pieces
  6685 | D:6      | Bought a pair of glowing gloves for 112 gold pieces
  6720 | D:6      | Learned a level 3 spell: Flight
  6766 | D:7      | Reached skill level 5 in Dodging
  6772 | D:7      | Found an ancient bone altar of Kikubaaqudgha.
  6785 | D:7      | Got a pair of twisted boots
  6791 | D:7      | Identified the +1 pair of boots of the Kangaroo {Dex+3 Int+2 Curse} (You found it on level 7 of the Dungeon)
  6791 | D:7      | gorgonitescum: hi fren
  6814 | D:7      | moscheto: sup m9
  6834 | D:7      | gorgonitescum: JUST VININ'
  6900 | D:7      | gorgonitescum: mima
  6900 | D:7      | moscheto: son eu ou vas ti a saltos
  6900 | D:7      | gorgonitescum: desde que non xogo
  6900 | D:7      | gorgonitescum: eso pode ser en parte lag
  6900 | D:7      | gorgonitescum: en parte o autoexplore
  6900 | D:7      | gorgonitescum: cambiaron todas as tiles
  6946 | D:7      | moscheto: wtf desde cando fan blink as ice beast
  6955 | D:7      | gorgonitescum: sword of distortion M8
  6959 | D:7      | moscheto: ah certo
  7046 | D:7      | moscheto: de onde a sacaches antes de d6
  7053 | D:7      | Found a basalt altar of Yredelemnul.
  7053 | D:7      | Found a sparkling altar of Nemelex Xobeh.
  7055 | D:7      | Found a shadowy altar of Dithmenos.
  7058 | D:7      | moscheto: non tes folla nin nada
  7059 | D:7      | Found a glowing silver altar of Zin.
  7060 | D:7      | Found a snail-covered altar of Cheibriados.
  7062 | D:7      | Found a deep blue altar of Sif Muna.
  7064 | D:7      | Found an iron altar of Okawaru.
  7065 | D:7      | gorgonitescum: creo que estaba no chan
  7065 | D:7      | gorgonitescum: sip
  7065 | D:7      | moscheto: D2 :_D
  7065 | D:7      | gorgonitescum: hai un dios novo que a min soname horrible
  7065 | D:7      | moscheto: dis menos
  7065 | D:7      | gorgonitescum: e que está basado en shitty gimmicks with no flavor
  7065 | D:7      | moscheto: nunca o adorei
  7065 | D:7      | gorgonitescum: nah dem mentos e legit
  7065 | D:7      | gorgonitescum: tamen e bastante reciente
  7065 | D:7      | gorgonitescum: de feito ó carallo
  7065 | D:7      | gorgonitescum: vouno coller
  7073 | D:7      | Became a worshipper of Dithmenos the Shadowed
  7125 | D:7      | gorgonitescum: shit
  7125 | D:7      | gorgonitescum: olvideime resisten elec
  7128 | D:7      | moscheto: pejalle outra ostia ighual tes sorte e a teleportas
  7133 | D:7      | gorgonitescum: pls no
  7135 | D:7      | gorgonitescum: thx
  7250 | D:7      | moscheto: como odio as putas eels
  7258 | D:7      | gorgonitescum: nope
  7258 | D:7      | moscheto: welp
  7348 | D:7      | gorgonitescum: HA HA
  7414 | D:7      | Reached skill level 6 in Dodging
  8222 | D:8      | Reached skill level 7 in Dodging
  8437 | D:8      | Reached XP level 10. HP: 44/44 MP: 22/22
  8463 | D:8      | Noticed Eustachio
  8477 | D:8      | moscheto: deixao durmir
  8479 | D:8      | Reached skill level 1 in Fighting
  8493 | D:8      | Killed Eustachio
  8493 | D:8      | Reached skill level 2 in Fighting
  8494 | D:8      | gorgonitescum: moustachio pls
  8502 | D:8      | gorgonitescum: oho pikel
  8504 | D:8      | Noticed Pikel
  8506 | D:8      | gorgonitescum: shit
  8506 | D:8      | gorgonitescum: wyverns
  8506 | D:8      | gorgonitescum: trabble
  8518 | D:8      | Killed Pikel
  8518 | D:8      | Reached skill level 3 in Fighting
  8519 | D:8      | gorgonitescum: git ganked son
  8565 | D:8      | Found a shadowy altar of Dithmenos.
  8571 | D:8      | Reached skill level 4 in Fighting
  8599 | D:8      | Noticed Duvessa
  8608 | D:8      | Noticed Dowan
  8626 | D:8      | moscheto: Ha
  8626 | D:8      | gorgonitescum: welp
  8627 | D:8      | moscheto: noi means to grasp wands
  8646 | D:8      | Killed Duvessa
  8649 | D:8      | gorgonitescum: mola cando tes algo pra entrar en berserk
  8649 | D:8      | gorgonitescum: e algo de UC
  8806 | D:8      | Killed Dowan
  8827 | D:8      | Found a sacrificial altar of Ru.
  8827 | D:8      | Found a stormy altar of Qazlal.
  8831 | D:8      | moscheto: ru
  8831 | D:8      | gorgonitescum: e este o dios novo que estaba facendo un fulano
  8850 | D:8      | moscheto: eso e novo tamen pra min
  9151 | D:8      | Reached skill level 5 in Fighting
  9326 | D:9      | Found a staircase to the Orcish Mines.
  9342 | D:9      | Noticed a hill giant
  9365 | D:9      | moscheto: non sei cal das 2 habitasions mola mais
  9376 | D:9      | Reached skill level 6 in Fighting
  9378 | D:9      | gorgonitescum: con static discharge todo é unha festa
  9392 | D:9      | gorgonitescum: deberon de joder algo no orden das tiles de iconos
  9392 | D:9      | gorgonitescum: porque ata onde eu chego o xeo non se representa con lume
  9470 | D:9      | moscheto: igual o lume é o novo xeo e non o sabemos porque ainda non prendemos ningun lume
  9475 | D:9      | moscheto: en ningures
  9477 | D:9      | gorgonitescum: open freezer
  9477 | D:9      | gorgonitescum: 3rd degree burns
  9614 | D:9      | moscheto: ohaithar
  9702 | D:9      | gorgonitescum: mola porque os orcos son un sistema de entrega de armas
  9702 | D:9      | gorgonitescum: e nada mais
  9778 | D:9      | moscheto: e de favores se adoras a alghun deus que necesite sacrificios
  9778 | D:9      | gorgonitescum: coma as wights mais ou menos
  9778 | D:9      | gorgonitescum: word
  9781 | D:9      | moscheto: si tal
  9899 | D:9      | gorgonitescum: hi
  9962 | D:9      | moscheto: leva ai un rato e
  9969 | D:9      | Found a deep blue altar of Sif Muna.
  9979 | D:9      | Acquired Dithmenos' first power
  9986 | D:9      | Identified Sif Muna's Catalogue of Arcane Weapons
 10088 | D:9      | gorgonitescum: fug
 10088 | D:9      | moscheto: welp
 10117 | D:9      | moscheto: corre pola tua vida
 10163 | D:8      | gorgonitescum: coma sempre
 10163 | D:8      | gorgonitescum: igual merecía a pena entrenar maxias
 10163 | D:8      | moscheto: igual
 10163 | D:8      | gorgonitescum: por esto de que non cheiren os raios
 10163 | D:8      | moscheto: quen sabe
 10214 | D:9      | moscheto: eque esa sword of distortion
 10215 | D:10     | Entered Level 10 of the Dungeon
 10243 | D:10     | moscheto: non sei eu se che valera moito mais tempo
 10254 | D:10     | gorgonitescum: m8 as swords of distortion valen para sempre
 10277 | D:10     | Found a staircase to the Lair.
 10306 | D:10     | gorgonitescum: HA HA
 10357 | D:10     | Reached skill level 6 in Conjurations
 10366 | D:10     | Found Ekhliaze's Gadget Boutique.
 10529 | D:10     | gorgonitescum: que
 10529 | D:10     | gorgonitescum: que fai esto aquí
 10529 | D:10     | moscheto: que fai iso ai
 10535 | D:10     | gorgonitescum: pls no
 10544 | D:10     | gorgonitescum: fug
 10555 | D:10     | gorgonitescum: gr8
 10562 | D:10     | Noticed a hill giant
 10562 | D:10     | moscheto: wot
 10582 | D:10     | moscheto: zzzzzzzzz
 10596 | D:10     | moscheto: tp scroll?
 10641 | D:10     | Reached skill level 7 in Conjurations
 10641 | D:10     | Reached XP level 11. HP: 35/58 MP: 16/23
 10642 | D:10     | gorgonitescum: p-pero hainos que gardar pra momentos de necesidade
 10662 | D:10     | gorgonitescum: como mola cando empezas a xogar
 10662 | D:10     | gorgonitescum: e pensas eso sobre todo
 10662 | D:10     | moscheto: e morres por non usalo
 10662 | D:10     | gorgonitescum: ata que o xogo che mata 30 veces e te das de conta de que a necesidade e ahora
 10842 | D:10     | gorgonitescum: merda e eu sen cartos
 10842 | D:10     | gorgonitescum: e trinta mil cousas chachis nas tendas
 10862 | D:11     | gorgonitescum: HA HA
 10912 | Orc:1    | Entered Level 1 of the Orcish Mines
 10938 | Orc:1    | Reached skill level 6 in Air Magic
 10950 | Orc:1    | Found a frozen archway.
 10963 | IceCv    | Entered an ice cave
 11000 | IceCv    | Noticed an ice statue
 11000 | IceCv    | Noticed an ice statue
 11029 | IceCv    | gorgonitescum: dayum ahora mostran as stats dos bechos
 11029 | IceCv    | moscheto: wot
 11029 | IceCv    | moscheto: mola
 11040 | IceCv    | Killed an ice statue
 11052 | IceCv    | Killed an ice statue
 11052 | IceCv    | Reached skill level 7 in Air Magic
 11054 | IceCv    | gorgonitescum: git distorted fgt
 11064 | IceCv    | gorgonitescum: que ben
 11158 | IceCv    | gorgonitescum: molaba un cacho esta cova
 11158 | IceCv    | gorgonitescum: antes de que a caparan
 11158 | IceCv    | moscheto: e lo
 11158 | IceCv    | gorgonitescum: saían tres scrolls de alta calidade baixo cada statue
 11158 | IceCv    | gorgonitescum: e podían ser 6 acquirements
 11158 | IceCv    | gorgonitescum: :D
 11161 | IceCv    | moscheto: o_O
 11207 | IceCv    | moscheto: que che da o dis menos
 11214 | IceCv    | Acquired Dithmenos' second power
 11227 | IceCv    | gorgonitescum: aura de ~umbra~
 11227 | IceCv    | gorgonitescum: que vai dando mais stealth
 11227 | IceCv    | moscheto: eso mola
 11227 | IceCv    | gorgonitescum: a full piety doblaa
 11227 | IceCv    | moscheto: non fai nada mais?
 11227 | IceCv    | gorgonitescum: molaba mais antes cando a doblaba no momento de conseguila
 11227 | IceCv    | gorgonitescum: si
 11227 | IceCv    | gorgonitescum: teleports a bechos que estén quietos e dentro da umbra
 11227 | IceCv    | gorgonitescum: en plan se están durmidos
 11227 | IceCv    | moscheto: lol
 11227 | IceCv    | gorgonitescum: podes facer shadow step e poñerte ó lado
 11227 | IceCv    | gorgonitescum: e despois unha pasiva
 11227 | IceCv    | gorgonitescum: que é unha sombra que fai mimick dos teus ataques
 11230 | IceCv    | Noticed an ice devil
 11238 | IceCv    | Reached skill level 8 in Air Magic
 11291 | IceCv    | gorgonitescum: get good
 11316 | IceCv    | Banished an ice devil
 11375 | IceCv    | Got a wavering tin amulet
 11377 | IceCv    | Got a smelly scale mail
 11595 | Orc:1    | moscheto: mar like gold mines
 11611 | Orc:1    | Found Kleklas' Weapon Shoppe.
 11612 | Orc:1    | moscheto: moar*
 11652 | Orc:1    | gorgonitescum: my rayfu
 11652 | Orc:1    | moscheto: the +10 war axe "Pnadgh"
 11652 | Orc:1    | moscheto: :_D
 11654 | Orc:1    | gorgonitescum: e tamen edgebow
 11654 | Orc:1    | gorgonitescum: gr8 shop
 11808 | Orc:1    | moscheto: putos orc priest
 11809 | Orc:1    | moscheto: 2 stronk
 11818 | Orc:1    | gorgonitescum: tacticool
 11928 | Orc:1    | moscheto: veste aos rianjos esta semana lo
 12002 | Orc:1    | gorgonitescum: sep
 12002 | Orc:1    | gorgonitescum: pero como estaba o día cheiroso
 12002 | Orc:1    | gorgonitescum: e fun pola mañan ó samlo volvo con meu pai
 12002 | Orc:1    | gorgonitescum: sobre as oito
 12011 | Orc:1    | moscheto: ah pensei que virias maña lol
 12012 | Orc:1    | gorgonitescum: nope
 12012 | Orc:1    | moscheto: ah hostia que é sabado hoxe
 12012 | Orc:1    | Found a roughly hewn altar of Beogh.
 12027 | Orc:1    | moscheto: lol
 12030 | Orc:1    | gorgonitescum: hahaha
 12118 | Orc:2    | moscheto: mima e non che cunde mais quedar en stg xa?
 12118 | Orc:2    | gorgonitescum: que va así tamen estou con meu irman e eso
 12118 | Orc:2    | moscheto: ic
 12118 | Orc:2    | gorgonitescum: e se non cheira o tempo podemos dar unha volta
 12182 | Orc:1    | moscheto: se non sempre podemos invadirlle a casa a mao ata as 2 da maña
 12231 | Orc:2    | gorgonitescum: word
 12232 | Orc:2    | moscheto: se queres sair hoxe digho
 12328 | Orc:2    | gorgonitescum: ah pois pode ser oes
 12328 | Orc:2    | gorgonitescum: como está o tempo ahí
 12330 | Orc:2    | moscheto: ahora mesmo chove pero non sei desirche as 8 como estara
 12334 | Orc:2    | moscheto: bueno chove
 12340 | Orc:2    | moscheto: choveu 2 min
 12394 | Orc:2    | gorgonitescum: eek
 12404 | Orc:2    | moscheto: ahora cae chuvia porca desta
 12438 | Orc:2    | moscheto: poalla
 12461 | Orc:2    | Found Petzan's General Store.
 12519 | Orc:2    | Acquired Dithmenos' third power
 12610 | Orc:2    | gorgonitescum: como mola cando chegas a rianxo medio morto
 12610 | Orc:2    | gorgonitescum: no bus das seis do viernes
 12610 | Orc:2    | gorgonitescum: despois de ir ó gym pola mañan
 12610 | Orc:2    | gorgonitescum: e che reciben remuíños de chuvia
 12744 | Orc:2    | moscheto: implying que non chove mais en santiago
 12868 | Orc:2    | gorgonitescum: segue sen ser alentador precisamente
 12868 | Orc:2    | gorgonitescum: como me jode estar sen lentillas tho
 12905 | Orc:2    | moscheto: esta pendiente e' un poko....
 12920 | Orc:2    | moscheto: TRAMBÓLIKO, hai que sabe subi y baja
 12925 | Orc:2    | moscheto: como yo kiero
 12925 | Orc:2    | moscheto: a toa velosida
 12954 | Orc:2    | moscheto: comenso a aselerar
 13004 | Orc:2    | moscheto: morreu
 13004 | Orc:2    | gorgonitescum: que demo
 13004 | Orc:2    | gorgonitescum: can't paste properly into opera
 13004 | Orc:2    | gorgonitescum: why
 13004 | Orc:2    | gorgonitescum: https://i.4cdn.org/vg/1412429637501.png
 13004 | Orc:2    | gorgonitescum: click 'n drag
 13004 | Orc:2    | gorgonitescum: :<
 13019 | Orc:3    | Reached skill level 8 in Conjurations
 13257 | Orc:2    | moscheto: wtf
 13262 | Orc:3    | gorgonitescum: a ver que hai no nivel catro
 13262 | Orc:3    | gorgonitescum: mais vale que non sexa roka
 13263 | Orc:4    | Entered Level 4 of the Orcish Mines
 13294 | Orc:4    | Noticed an orc knight
 13327 | Orc:4    | Reached skill level 3 in Stealth
 13333 | Orc:4    | gorgonitescum: hei que ben feita está a tile nova das alabardas
 13333 | Orc:4    | moscheto: si tal
 13333 | Orc:4    | gorgonitescum: creo que é a primeira vez que escribo halberd en galego
 13333 | Orc:4    | moscheto: é unha alabarda de verdade
 13367 | Orc:4    | Found a roughly hewn altar of Beogh.
 13382 | Orc:4    | gorgonitescum: welp
 13382 | Orc:4    | gorgonitescum: se que é roka
 13392 | Orc:4    | moscheto: como sabes
 13401 | Orc:4    | Found a roughly hewn altar of Beogh.
 13406 | Orc:4    | Reached skill level 4 in Stealth
 13408 | Orc:4    | gorgonitescum: despois de un tempo
 13408 | Orc:4    | gorgonitescum: recoñeces algúna layouts
 13408 | Orc:4    | gorgonitescum: este ou ten un warlord ou a roka
 13433 | Orc:4    | Found a roughly hewn altar of Beogh.
 13433 | Orc:4    | Found Qoin Huurr's General Store.
 13460 | Orc:3    | moscheto: dem smites 2 good
 13460 | Orc:3    | gorgonitescum: dayum
 13460 | Orc:3    | gorgonitescum: pensei que estaba todo explorado
 13471 | Orc:3    | gorgonitescum: merda
 13471 | Orc:3    | gorgonitescum: menos mal que probei ahora
 13471 | Orc:3    | gorgonitescum: esa vara vaime facer falta pra roka
 13540 | Orc:3    | moscheto: nas orc mines é moi frecuente que haxa varios ocosno map
 13561 | Orc:3    | moscheto: mima esa porta triple con foso
 13561 | Orc:3    | moscheto: ten boa pinta e
 13561 | Orc:3    | gorgonitescum: 2tempting
 13649 | Orc:3    | gorgonitescum: con foso e EELS
 13658 | Orc:3    | Acquired Dithmenos' fourth power
 13659 | Orc:3    | gorgonitescum: ah si
 13659 | Orc:3    | gorgonitescum: e temen che transforma nunha sombra
 13713 | Orc:3    | moscheto: a ver se vai haber algho bo na porta
 13719 | Orc:3    | Noticed Nergalle
 13728 | Orc:3    | moscheto: >even by orc standards
 13731 | Orc:3    | gorgonitescum: :D
 13737 | Orc:3    | gorgonitescum: viches a merda rosa esa?
 13742 | Orc:3    | moscheto: cal
 13744 | Orc:3    | moscheto: ah vale
 13744 | Orc:3    | gorgonitescum: >Your shadow mimicks your spell!
 13744 | Orc:3    | moscheto: mola
 13744 | Orc:3    | gorgonitescum: ó principio estaba rotísimo
 13744 | Orc:3    | gorgonitescum: e sabes o spell este de xeo
 13744 | Orc:3    | gorgonitescum: throw icicle?
 13744 | Orc:3    | moscheto: si
 13744 | Orc:3    | gorgonitescum: pois con eso e co mimick podías matar xigantes de pedra
 13744 | Orc:3    | gorgonitescum: con un cast
 13749 | Orc:3    | moscheto: wot
 13799 | Orc:3    | gorgonitescum: e tamen os calculs de dano a rango estaban rotos
 13799 | Orc:3    | gorgonitescum: e tirabas unha pedra con 2 de throwing skill
 13799 | Orc:3    | gorgonitescum: e a sombra facía mimick con unha skill efectiva de 34
 13799 | Orc:3    | moscheto: wtf
 13799 | Orc:3    | gorgonitescum: e reventaba con todo
 13799 | Orc:3    | gorgonitescum: :D
 13912 | Orc:3    | gorgonitescum: fug
 13913 | Orc:3    | Noticed a spectral orc warlord
 13913 | Orc:3    | gorgonitescum: fine
 13916 | Orc:3    | moscheto: spectral orc warlord
 13916 | Orc:3    | moscheto: :_D
 13929 | Orc:3    | gorgonitescum: con un glaive
 13929 | Orc:3    | moscheto: abre a porta
 13929 | Orc:3    | gorgonitescum: :D
 13929 | Orc:3    | gorgonitescum: tamen os saca con ballestas
 13929 | Orc:3    | gorgonitescum: :D
 13934 | Orc:3    | moscheto: trst me
 13936 | Orc:3    | moscheto: abrea
 13969 | Orc:3    | moscheto: que pode ser o peor que haxa se esta nergalle fora dela
 13973 | Orc:3    | gorgonitescum: p-pero antes teño que matala
 13973 | Orc:3    | moscheto: tssss
 13973 | Orc:3    | gorgonitescum: fijo que son catro goblins
 13977 | Orc:3    | gorgonitescum: >x7
 13977 | Orc:3    | moscheto: lol
 13978 | Orc:3    | gorgonitescum: good shadow
 13978 | Orc:3    | Killed Nergalle
 13978 | Orc:3    | Reached skill level 5 in Stealth
 13979 | Orc:3    | gorgonitescum: teamwork
 14011 | Orc:3    | gorgonitescum: pls
 14013 | Orc:3    | moscheto: 4 goblins
 14014 | Orc:3    | Reached skill level 6 in Stealth
 14034 | Orc:3    | moscheto: ves como podias abrila
 14036 | Orc:3    | gorgonitescum: ostia
 14036 | Orc:3    | gorgonitescum: non mirei o amuleto
 14036 | Orc:3    | gorgonitescum: e esa cova xenera calidade
 14061 | Orc:3    | moscheto: proba a equipalo
 14080 | Orc:3    | moscheto: a ver se di que e
 14150 | Orc:3    | moscheto: o wavering tin
 14150 | Orc:3    | gorgonitescum: p-pero pode ser pocho
 14151 | Orc:3    | Identified the cursed amulet of Ekeebaut {Gourm Slay-4} (You found it in an ice cave)
 14152 | Orc:3    | moscheto: tes remove curse
 14152 | Orc:3    | gorgonitescum: welp
 14152 | Orc:3    | gorgonitescum: -4 slay
 14152 | Orc:3    | gorgonitescum: pls go
 14157 | Orc:3    | moscheto: adorna de ostia no chan
 14157 | Orc:3    | moscheto: brb eroski
 14157 | Orc:3    | gorgonitescum: kk
 14174 | Orc:4    | Found a staircase to the Elven Halls.
 14179 | Orc:4    | gorgonitescum: dame un toque por steem cando volvas
 14179 | Orc:4    | gorgonitescum: que aproveito pra limpar
 14179 | Orc:4    | gorgonitescum: haha
 14179 | Orc:4    | gorgonitescum: time for slaughter
 14474 | Orc:4    | Reached skill level 7 in Stealth
 14474 | Orc:4    | Gained mutation: You regenerate. [vine stalker growth]
 14474 | Orc:4    | Reached XP level 12. HP: 55/62 MP: 24/24
 14549 | Orc:4    | Found a roughly hewn altar of Beogh.
 14552 | Orc:4    | Found Anyki's Antique Weapon Shoppe.
 14692 | Orc:4    | moscheto: como mola que lle mole que apaghes o lume xD
 14815 | Orc:4    | gorgonitescum: fuck
 14815 | Orc:4    | gorgonitescum: lightning scales
 14815 | Orc:4    | gorgonitescum: a primera vez que as vin foi nunha naga
 14815 | Orc:4    | gorgonitescum: en D: 5 creo
 14815 | Orc:4    | gorgonitescum: e desde aquela nunca mais
 14888 | Orc:4    | Banished an orc knight
 14888 | Orc:4    | Reached skill level 8 in Stealth
 14974 | Orc:4    | gorgonitescum: puto warg
 15013 | Orc:4    | moscheto: era interesante o sitio
 15016 | Orc:4    | Noticed an orc knight
 15016 | Orc:4    | gorgonitescum: welp
 15016 | Orc:4    | Found Ogimorix's Antique Armour Emporium.
 15016 | Orc:4    | Found a roughly hewn altar of Beogh.
 15016 | Orc:4    | Noticed an orc warlord
 15017 | Orc:4    | gorgonitescum: aha
 15017 | Orc:4    | gorgonitescum: non e roka
 15017 | Orc:4    | gorgonitescum: todo baixo control lo
 15026 | Orc:4    | Noticed an orc high priest
 15035 | Orc:4    | moscheto: RIP
 15041 | Orc:3    | gorgonitescum: m8
 15172 | Orc:4    | Killed an orc high priest
 15253 | Orc:4    | Killed an orc knight
 15253 | Orc:4    | Reached skill level 7 in Short Blades
 15416 | Orc:4    | gorgonitescum: que ben me cae a sombra esta
 15416 | Orc:4    | gorgonitescum: olvideime de que grunt me dixera que cambiara o bolt pra ser non elemental etc
 15416 | Orc:4    | gorgonitescum: pero non tocara realmente o dano
 15416 | Orc:4    | gorgonitescum: así que seguramente segue podendo matar stone giants de un icicle
 15464 | Orc:4    | Found Amihatas' Antique Weapon Shoppe.
 15581 | Orc:4    | Killed an orc warlord
 15581 | Orc:4    | Reached skill level 8 in Short Blades
 15582 | Orc:4    | gorgonitescum: wrecked
 15582 | Orc:4    | moscheto: ez
 15633 | Orc:4    | Found a roughly hewn altar of Beogh.
 15667 | Orc:4    | Bought a potion of agility for 35 gold pieces
 15667 | Orc:4    | Bought a beef jerky for 21 gold pieces
 15667 | Orc:4    | Bought a potion of magic for 77 gold pieces
 15667 | Orc:4    | Bought a bread ration for 70 gold pieces
 15776 | D:9      | Killed a hill giant
 15984 | D:6      | Bought a scroll of fear for 38 gold pieces
 15984 | D:6      | Bought a scroll of enchant armour for 82 gold pieces
 15984 | D:6      | Bought a scroll of magic mapping for 38 gold pieces
 15984 | D:6      | Bought a scroll of enchant armour for 82 gold pieces
 15988 | D:6      | Bought a scroll of enchant weapon for 105 gold pieces
 15988 | D:6      | Bought a scroll of recharging for 133 gold pieces
 15997 | D:6      | Bought a runed helmet for 112 gold pieces
 16060 | D:5      | Bought a potion of curing for 54 gold pieces
 16060 | D:5      | Bought a dented ivory amulet for 135 gold pieces
 16066 | D:5      | gorgonitescum: dayum
 16067 | D:5      | gorgonitescum: pero que é esto
 16067 | D:5      | gorgonitescum: cinco scrolls de enchant armour
 16067 | D:5      | gorgonitescum: e case nada que encanter
 16123 | D:5      | moscheto: tiraos
 16123 | D:5      | moscheto: asi tes mais espacio no inventario
 16123 | D:5      | moscheto: (?)
 16123 | D:5      | gorgonitescum: gu plan
 16123 | D:5      | gorgonitescum: *d
 16335 | Lair:1   | Entered Level 1 of the Lair of Beasts
 16363 | Lair:1   | Reached skill level 1 in Shields
 16383 | Lair:1   | Reached skill level 2 in Shields
 16792 | Lair:1   | Reached skill level 3 in Shields
 16804 | Lair:1   | Noticed an eight-headed hydra
 16807 | Lair:1   | gorgonitescum: note to self
 16807 | Lair:1   | gorgonitescum: do not tab into hyder
 16807 | Lair:1   | moscheto: por que non
 16809 | Lair:1   | moscheto: polo ben da biodiversidade
 16810 | Lair:1   | moscheto: tabeaa
 16816 | Lair:1   | Killed a nine-headed hydra
 16836 | Lair:1   | Reached skill level 4 in Shields
 17652 | Lair:2   | gorgonitescum: estame empezando a tocar as narices a distorsion xa
 17722 | Lair:2   | Reached skill level 5 in Shields
 17858 | Lair:2   | Reached skill level 6 in Shields
 17882 | Lair:2   | Reached XP level 13. HP: 63/66 MP: 16/25
 17901 | Lair:2   | Reached skill level 7 in Fighting
 18224 | Lair:2   | moscheto: eu xa cho dixen
 18226 | Lair:3   | moscheto: non mola nada blinkear cousas cando te fas medianamente forte
 18226 | Lair:3   | gorgonitescum: no si a ver
 18226 | Lair:3   | gorgonitescum: por ser a brand é a hostia
 18226 | Lair:3   | gorgonitescum: pero claro
 18226 | Lair:3   | moscheto: wot
 18226 | Lair:3   | gorgonitescum: case que molesta
 18226 | Lair:3   | moscheto: wot
 18226 | Lair:3   | gorgonitescum: m8 mete un dano que flipas
 18226 | Lair:3   | moscheto: non me vai o chat ;:D
 18226 | Lair:3   | gorgonitescum: :D
 18226 | Lair:3   | gorgonitescum: f5
 18236 | Lair:3   | moscheto: puto lag
 18236 | Lair:3   | moscheto: se me acumulara
 18236 | Lair:3   | gorgonitescum: webtiles furrula así á súa maneira
 18236 | Lair:3   | gorgonitescum: durante os turneys é como unha cafetera demasiado chea
 18236 | Lair:3   | gorgonitescum: con posibilidades de estoupar
 18252 | Lair:3   | Reached skill level 8 in Fighting
 18435 | Lair:3   | gorgonitescum: unha cousa que mola
 18435 | Lair:3   | gorgonitescum: é que as armas de distorsion curan ás blink frogs
 18470 | Lair:3   | gorgonitescum: >basks in the distortional energy
 18885 | Lair:4   | moscheto: lol non o sabia
 18885 | Lair:4   | moscheto: e ao prince ribbit tamen?
 18885 | Lair:4   | gorgonitescum: yep
 18885 | Lair:4   | gorgonitescum: aínda que últimamente os devs fan cousas moi raras
 18885 | Lair:4   | gorgonitescum: e dedícanse a atopar cousas pequenas como esas e quitalas do xogo
 18886 | Lair:4   | gorgonitescum: amulet of what
 18888 | Lair:4   | moscheto: wat
 18888 | Lair:4   | moscheto: amulet of regeneration wtf=
 18888 | Lair:4   | gorgonitescum: estaba mirando en /rlg por cando cambiaron esto
 18888 | Lair:4   | gorgonitescum: parece ser que fai un cacho
 18888 | Lair:4   | Found a staircase to the Swamp.
 18893 | Lair:4   | gorgonitescum: baby dragon
 18913 | Lair:4   | Reached skill level 9 in Fighting
 19021 | Lair:4   | gorgonitescum: ha
 19021 | Lair:4   | gorgonitescum: mirei os numeros
 19021 | Lair:4   | gorgonitescum: rexenerome o doble de rápido que un troll
 19408 | Lair:4   | Reached skill level 10 in Fighting
 19426 | Lair:4   | moscheto: que medo
 19426 | Lair:4   | gorgonitescum: ha
 19426 | Lair:4   | gorgonitescum: caracoles de cheibrah
 19586 | Lair:4   | Reached skill level 9 in Short Blades
 19613 | Lair:4   | moscheto: molaria que meteran caracois como raza asi xoghable
 19639 | Lair:4   | moscheto: imaxinate caracois cuspindo raios polos ollos
 19639 | Lair:4   | gorgonitescum: no elona hainos
 19639 | Lair:4   | gorgonitescum: snail tourist é o challenge combo por default
 19639 | Lair:4   | gorgonitescum: e polas ciudades hai barrendeiros que non fan nada se eres calquer outra cousa
 19639 | Lair:4   | gorgonitescum: pero se eres un caracol e che ven
 19639 | Lair:4   | gorgonitescum: tiranche cacharros de sal
 19652 | Lair:5   | moscheto: thats rude D:
 19728 | Lair:5   | gorgonitescum: dayum
 19728 | Lair:5   | gorgonitescum: mola a war axe
 19840 | Lair:5   | Noticed Maud
 19852 | Lair:5   | Killed Maud
 19853 | Lair:5   | moscheto: 2 ez
 19853 | Lair:5   | gorgonitescum: >extremely dangerous
 20027 | Lair:5   | Reached skill level 10 in Short Blades
 20289 | Lair:5   | gorgonitescum: 2lethal
 20414 | Lair:6   | moscheto: stasis ew
 20414 | Lair:6   | gorgonitescum: valeme pra coller o tesouro though
 20414 | Lair:6   | gorgonitescum: eso mola
 20610 | Lair:6   | Reached XP level 14. HP: 77/77 MP: 26/26
 20626 | Lair:6   | Got a heavily runed brass amulet
 20632 | Lair:6   | Reached skill level 11 in Short Blades
 20672 | Lair:6   | Found a staircase to the Snake Pit.
 20706 | Lair:6   | moscheto: snake pit D:
 20736 | Lair:6   | gorgonitescum: e mais o pantano
 20736 | Lair:6   | gorgonitescum: :|
 20751 | Lair:6   | moscheto: que noxo
 20806 | Lair:6   | gorgonitescum: non pasa nada
 20806 | Lair:6   | gorgonitescum: collemos snake
 20806 | Lair:6   | gorgonitescum: vaults
 20806 | Lair:6   | gorgonitescum: e algunha do pandemonio
 20925 | Lair:6   | Found a staircase to the Swamp.
 20933 | Lair:6   | gorgonitescum: SURE IS NOT MIMICK
 20933 | Lair:6   | gorgonitescum: AROUND HERE
 20934 | Lair:6   | gorgonitescum: que
 20934 | Lair:6   | gorgonitescum: os mimicks nin intentan matarche ahora
 20934 | Lair:6   | gorgonitescum: why
 21181 | Lair:7   | Reached skill level 1 in Invocations
 21243 | Lair:7   | Reached skill level 2 in Invocations
 21284 | Lair:7   | Reached skill level 3 in Invocations
 21349 | Lair:7   | Reached skill level 4 in Invocations
 21392 | Lair:7   | Reached skill level 5 in Invocations
 21451 | Lair:7   | moscheto: solo che fan snare?
 21460 | Lair:7   | gorgonitescum: nope
 21460 | Lair:7   | gorgonitescum: desaparecen e punto
 21460 | Lair:7   | gorgonitescum: :|
 21460 | Lair:7   | moscheto: zzz
 21460 | Lair:7   | gorgonitescum: nin bloquean o camiño
 21460 | Lair:7   | moscheto: wt
 21460 | Lair:7   | gorgonitescum: co que molaban os door mimics
 21460 | Lair:7   | gorgonitescum: sobre todo ó principio
 21470 | Lair:7   | moscheto: molaban en xeral calquera mimic
 21470 | Lair:7   | moscheto: ez exp
 21470 | Lair:7   | gorgonitescum: e dano psicolóxico
 21470 | Lair:7   | gorgonitescum: cando o sombreiro do alquimista che mordía nun pé
 21470 | Lair:7   | gorgonitescum: era a ostia
 21470 | Lair:7   | Identified the amulet "Klepnil" {Faith Dex-2 Int+3} (You found it on level 6 of the Lair of Beasts)
 21501 | Lair:7   | moscheto: cando che faltaban 3 de ouro para mercar un scroll de identify para a dyed leather armor de d3
 21504 | Lair:7   | moscheto: e atopabas a ultima tile con gold
 21504 | Lair:7   | moscheto: e che mordia nun pe
 21504 | Lair:7   | gorgonitescum: :D
 21508 | Lair:7   | gorgonitescum: blightning 2gud
 21508 | Lair:7   | moscheto: vou xoghar unha partida ao dota m9
 21508 | Lair:7   | gorgonitescum: kk
 21508 | Lair:7   | moscheto: se sighes na partida logho entro outra ves se non pois non xD
 21601 | Lair:7   | Reached skill level 6 in Invocations
 21738 | Lair:7   | Got an ichor-stained ring mail
 21755 | Lair:7   | Found a viscous altar of Jiyva.
 21756 | Lair:7   | Found a staircase to the Slime Pits.
 22152 | Lair:8   | Entered Level 8 of the Lair of Beasts
 22183 | Lair:8   | Reached skill level 1 in Throwing
 22229 | Lair:8   | Reached skill level 2 in Throwing
 22247 | Lair:8   | Identified Smuneurr's Primer on Witchery (You found it on level 8 of the Lair of Beasts)
 22268 | Lair:8   | Found a dark tunnel.
 22283 | Volcano  | Entered a volcano
 22303 | Volcano  | Reached skill level 3 in Throwing
 22434 | Lair:8   | Reached skill level 4 in Throwing
 22474 | Lair:8   | Reached skill level 7 in Invocations
 22607 | Lair:8   | Reached skill level 8 in Invocations
 22989 | Lair:8   | Reached XP level 15. HP: 80/80 MP: 29/29
 23082 | Lair:8   | Reached skill level 9 in Invocations
 23465 | Lair:5   | stupid death situations count 4
 23632 | Lair:5   | Reached skill level 10 in Invocations
 24192 | D:3      | Identified a scroll of acquirement
 24646 | D:11     | Noticed a fire dragon
 24677 | D:11     | Killed a fire dragon
 24915 | D:11     | Killed a hill giant
 24974 | D:11     | Killed an unseen horror
 24974 | D:11     | Reached skill level 9 in Air Magic
 25413 | D:11     | D:
 25735 | D:12     | Reached skill level 10 in Air Magic
 25797 | D:12     | Found Canluafa's Distillery.
 26657 | D:13     | Found a gate to the Vaults.
 26696 | D:13     | Reached skill level 9 in Conjurations
 26983 | D:14     | Identified the Handbook of Displaced Summoning
 26995 | D:14     | Identified the +1 ring mail of Card Tricks {rN+ MR++} (You found it on level 7 of the Lair of Beasts)
 27012 | D:13     | Identified the +5 scale mail of the Depths {Str+3 Dex+4} (You found it in an ice cave)
 27331 | D:14     | Reached skill level 10 in Conjurations
 27669 | D:15     | Entered Level 15 of the Dungeon
 27684 | D:15     | HP: 8/80 [red ugly thing (10)]
 27873 | D:14     | Reached XP level 16. HP: 71/85 MP: 10/31
 27883 | D:14     | Reached skill level 11 in Conjurations
 27968 | D:15     | Found a staircase to the Depths.
 27970 | D:15     | Reached skill level 11 in Air Magic
 28385 | D:14     | Reached skill level 8 in Dodging
 28683 | D:15     | Reached skill level 9 in Dodging
 29076 | D:15     | Gained mutation: You are dopey. (Int -2) [mutagenic glow]
 29110 | D:15     | Gained mutation: You are frail (-10% HP). [mutagenic glow]
 29234 | D:12     | Bought a potion of cure mutation for 490 gold pieces
 29234 | D:12     | Bought 2 potions of cancellation for 154 gold pieces
 29234 | D:12     | Bought a potion of cancellation for 77 gold pieces
 29234 | D:12     | Bought 2 potions of curing for 56 gold pieces
 29234 | D:12     | Bought a potion of curing for 28 gold pieces
 29234 | D:12     | Bought a potion of curing for 28 gold pieces
 29235 | D:12     | Lost mutation: You are frail (-10% HP). [potion of cure mutation]
 29235 | D:12     | Lost mutation: You are dopey. (Int -2) [potion of cure mutation]
 29484 | Orc:4    | Bought a glowing ring mail for 120 gold pieces
 29517 | Orc:4    | Learned a level 3 spell: Regeneration
 29522 | Orc:4    | Learned a level 4 spell: Animate Dead
 29847 | D:15     | Reached skill level 1 in Armour
 29858 | Depths:1 | Entered Level 1 of the Depths
 30483 | Depths:1 | Reached skill level 2 in Armour
 30554 | Depths:1 | Noticed Asterion
 30696 | Depths:1 | Reached skill level 3 in Armour
 30732 | Depths:1 | Reached skill level 5 in Spellcasting
 30897 | Depths:1 | Found a gateway to Hell.
 30966 | Depths:1 | Reached skill level 6 in Spellcasting
 31117 | Depths:1 | Reached skill level 7 in Spellcasting
 31338 | Depths:1 | Reached skill level 8 in Spellcasting
 31510 | Depths:1 | Reached skill level 9 in Spellcasting
 31533 | Depths:1 | Reached XP level 17. HP: 71/89 MP: 34/34
 31625 | Depths:1 | Reached skill level 10 in Spellcasting
 32141 | Depths:2 | Reached skill level 9 in Stealth
 32363 | Depths:2 | Reached skill level 10 in Stealth
 32665 | Depths:2 | Reached skill level 10 in Dodging
 32712 | Depths:2 | Noticed a tentacled monstrosity
 32967 | Depths:2 | Noticed an ancient lich
 32994 | Depths:2 | Found a gateway to Hell.
 33149 | Depths:2 | Noticed a titan
 33187 | Depths:2 | Noticed a titan
 33196 | Depths:2 | Killed a titan
 33303 | Depths:2 | Reached skill level 4 in Armour
 33335 | Depths:2 | Killed a titan
 33436 | Depths:2 | Reached skill level 5 in Armour
 33599 | Depths:2 | Reached skill level 6 in Armour
 33643 | Depths:2 | Noticed an Ice Fiend
 33647 | Depths:2 | Killed an ancient lich
 33647 | Depths:2 | Reached XP level 18. HP: 92/95 MP: 36/36
 33686 | Depths:2 | Reached skill level 11 in Fighting
 34050 | Depths:2 | Killed a tentacled monstrosity
 34050 | Depths:2 | Reached skill level 12 in Fighting
 34149 | Depths:3 | Noticed Mara
 34159 | Depths:3 | Killed Mara
 34405 | Depths:3 | Found Isteathro's General Store.
 34549 | Depths:3 | Found a gateway to a ziggurat.
 34671 | Depths:3 | Reached skill level 13 in Fighting
 35093 | Depths:3 | Found a one-way gate leading to the halls of Pandemonium.
 35094 | Depths:3 | Found a gateway to Hell.
 35095 | Depths:3 | Reached skill level 11 in Dodging
 35761 | Depths:4 | Reached skill level 7 in Armour
 35835 | Depths:4 | Reached XP level 19. HP: 104/104 MP: 36/36
 35874 | Depths:4 | Found a one-way gate to the infinite horrors of the Abyss.
 36025 | Depths:4 | Noticed a tentacled monstrosity
 36119 | Depths:4 | Reached skill level 12 in Dodging
 36523 | Depths:4 | Found a gateway to Hell.
 36545 | Depths:4 | Noticed a tentacled monstrosity
 36570 | Depths:4 | Killed a tentacled monstrosity
 36589 | Depths:4 | Killed a tentacled monstrosity
 36662 | Depths:4 | Reached skill level 11 in Stealth
 36687 | Depths:4 | Reached skill level 12 in Stealth
 36692 | Depths:4 | Got an uncursed bone morningstar
 36708 | Depths:4 | Identified Leagaym's Tome of Execration
 36846 | Depths:4 | Learned a level 2 spell: Sure Blade
 36907 | Depths:5 | Entered Level 5 of the Depths
 36910 | Depths:5 | Reached skill level 13 in Stealth
 36961 | Depths:4 | Reached skill level 14 in Stealth
 37140 | Depths:3 | Reached skill level 15 in Stealth
 37156 | Depths:4 | Paralysed by a vampire knight for 2 turns
 37305 | Depths:4 | Reached skill level 16 in Stealth
 37504 | Depths:4 | Reached skill level 17 in Stealth
 37562 | Depths:5 | Found a gateway to a bazaar.
 37603 | Depths:5 | Reached skill level 12 in Short Blades
 37633 | Depths:5 | Reached skill level 13 in Dodging
 37679 | Depths:5 | Reached XP level 20. HP: 109/109 MP: 25/37
 38311 | Depths:5 | Noticed a bone dragon
 38356 | Depths:5 | Killed a bone dragon
 38356 | Depths:5 | Reached skill level 14 in Dodging
 38360 | Depths:5 | Found a gate to the Realm of Zot.
 38447 | Depths:5 | Paralysed by a sphinx for 2 turns
 38531 | Depths:5 | Found a gateway to Hell.
 38618 | Bazaar   | Entered a bazaar
 38620 | Bazaar   | Found Qighon's General Store.
 38623 | Bazaar   | Found Ympaeqia's Antique Weapon Boutique.
 38624 | Bazaar   | Found Jeosou's Food Boutique.
 38624 | Bazaar   | Found Thaeshecimi's Antique Armour Boutique.
 38671 | Bazaar   | Bought a pair of embroidered boots for 162 gold pieces
 38678 | Bazaar   | Bought a scroll of brand weapon for 220 gold pieces
 38689 | Bazaar   | Bought a slimy cutlass for 180 gold pieces
 38695 | Bazaar   | Bought a bread ration for 40 gold pieces
 38695 | Bazaar   | Bought a bread ration for 40 gold pieces
 38695 | Bazaar   | Bought a meat ration for 40 gold pieces
 38695 | Bazaar   | Bought a meat ration for 40 gold pieces
 38695 | Bazaar   | Bought a bread ration for 40 gold pieces
 38695 | Bazaar   | Bought a bread ration for 40 gold pieces
 39041 | Elf:1    | Entered Level 1 of the Elven Halls
 39440 | Elf:1    | Learned a level 2 spell: Cure Poison
 39504 | Elf:1    | Reached skill level 15 in Dodging
 39529 | Elf:1    | Found Hyrap's Jewellery Emporium.
 39997 | Elf:2    | Found Ushaceco's Gadget Emporium.
 40000 | Elf:2    | Found Threx's Assorted Antiques.
 40058 | Elf:2    | Found a magical portal.
 40071 | WizLab   | Entered Zonguldrok's Shrine
 40402 | WizLab   | Reached skill level 8 in Armour
 40484 | WizLab   | Noticed an antique lich
 40489 | WizLab   | Killed an antique lich
 40489 | WizLab   | Reached skill level 9 in Armour
 40553 | WizLab   | moscheto: die u scum
 40553 | WizLab   | gorgonitescum: y so angrey tho
 40644 | Elf:2    | gorgonitescum: que
 40644 | Elf:2    | moscheto: wot
 40644 | Elf:2    | gorgonitescum: que fai o hall of blades
 40644 | Elf:2    | gorgonitescum: aquí
 40705 | Elf:2    | Reached XP level 21. HP: 113/113 MP: 14/37
 40772 | Elf:2    | Learned a level 2 spell: Blink
 40909 | Elf:2    | Found Goawos' General Store.
 40911 | Elf:2    | Found Usykofog's Assorted Antiques.
 40918 | Elf:2    | moscheto: games 2 hard
 40919 | Elf:2    | gorgonitescum: :<
 40919 | Elf:2    | gorgonitescum: no haste
 40919 | Elf:2    | moscheto: potion of mutation
 40919 | Elf:2    | moscheto: gogo
 40919 | Elf:2    | Bought a scroll of identify for 72 gold pieces
 40919 | Elf:2    | Bought a potion of might for 90 gold pieces
 40919 | Elf:2    | Bought a potion of brilliance for 90 gold pieces
 40919 | Elf:2    | Bought a scroll of identify for 72 gold pieces
 40925 | Elf:2    | Got a slimy scale mail
 40927 | Elf:2    | moscheto: >c
 40927 | Elf:2    | moscheto: :c
 40927 | Elf:2    | Bought a scroll of fog for 32 gold pieces
 41001 | Elf:2    | gorgonitescum: woat
 41001 | Elf:2    | gorgonitescum: p-pero eso
 41001 | Elf:2    | gorgonitescum: só o fan os badplayers
 41001 | Elf:2    | moscheto: ou os que lles parese divertido
 41007 | Elf:2    | gorgonitescum: baddestplayers
 41066 | Elf:2    | gorgonitescum: vai ser a ostia
 41066 | Elf:2    | gorgonitescum: cando me atope ca arma de distorsion
 41066 | Elf:2    | gorgonitescum: into
 41066 | Elf:2    | gorgonitescum: >cast into the abyss
 41080 | Elf:2    | gorgonitescum: >open the exec axe
 41080 | Elf:2    | gorgonitescum: >like a pillowcase
 41080 | Elf:2    | moscheto: lol
 41194 | Elf:2    | Reached skill level 10 in Armour
 41245 | Elf:2    | gorgonitescum: drained dat fungus' power
 41366 | Elf:3    | Entered Level 3 of the Elven Halls
 41470 | Elf:3    | gorgonitescum: esto debe ser unha entrada nova
 41470 | Elf:3    | gorgonitescum: porque non me sona de nada
 41669 | Elf:3    | Identified the Compendium of Ashen Sinister Magic
 41850 | Elf:3    | Noticed Frances
 41851 | Elf:3    | moscheto: iron shot e haste
 41851 | Elf:3    | moscheto: :_D
 41851 | Elf:3    | gorgonitescum: yimblign
 41852 | Elf:3    | Killed Frances
 41853 | Elf:3    | gorgonitescum: gg
 41920 | Elf:3    | Reached skill level 11 in Armour
 42254 | Elf:3    | Reached skill level 18 in Stealth
 42255 | Elf:3    | gorgonitescum: DANGER
 42256 | Elf:3    | gorgonitescum: mima
 42256 | Elf:3    | gorgonitescum: lcs
 42256 | Elf:3    | gorgonitescum: pls no
 42257 | Elf:3    | gorgonitescum: pls stop
 42290 | Elf:3    | Reached skill level 19 in Stealth
 42342 | Elf:3    | Got a transparent great sword
 42381 | Elf:3    | Got a smoking chain mail
 42401 | Elf:3    | Identified the Collected Works on Twisted Boosts (You found it on level 3 of the Elven Halls)
 42403 | Elf:3    | Got a silk robe
 42436 | Elf:3    | Got a faintly glowing granite ring
 42438 | Elf:3    | Identified the Volume of Lethal Weightlessness
 42443 | Elf:3    | gorgonitescum: HASTE
 42450 | Elf:3    | Learned a level 6 spell: Haste
 42450 | Elf:3    | moscheto: charms plz
 42452 | Elf:3    | moscheto: e a kiora imos a braia
 42452 | Elf:3    | gorgonitescum: aínda non comemos
 42452 | Elf:3    | gorgonitescum: ás cinco?Ç
 42510 | Elf:3    | Identified the Incunabulum of Flight and Damage Dealing (You found it on level 3 of the Elven Halls)
 42535 | Elf:3    | moscheto: k
 42546 | Elf:3    | gorgonitescum: ALCHEMIST HAT
 42546 | Elf:3    | gorgonitescum: HAT ACQUIRED
 42546 | Elf:3    | gorgonitescum: HA HA VOU COMER
 42546 | Elf:3    | moscheto: ohaithar
 42546 | Elf:3    | gorgonitescum: dayum this hat
 42546 | Elf:3    | gorgonitescum: so fashion
 42546 | Elf:3    | gorgonitescum: pois sobre as catro e media ou así súboche por ahí?
 42550 | Elf:3    | gorgonitescum: oshit
 42560 | Elf:3    | Identified the ring of Prouffo {rC- SInv} (You found it on level 3 of the Elven Halls)
 42563 | Elf:3    | Identified the +0 robe of Benevolence {Slay+4} (You found it on level 3 of the Elven Halls)
 42564 | Elf:3    | Identified the +5 chain mail "Klown" {Slay-3} (You found it on level 3 of the Elven Halls)
 42568 | Elf:3    | gorgonitescum: HA HA HA
 42574 | Elf:3    | Identified the Disquisition on Protection (You found it on level 3 of the Elven Halls)
 42591 | Elf:3    | moscheto: oh catro e media?
 42618 | Elf:3    | gorgonitescum: bue ou ás cinco
 42618 | Elf:3    | gorgonitescum: como mellor che veña
 42640 | Elf:3    | moscheto: espera que o penso un rato mentres canto o meu album favorito
 42640 | Elf:3    | moscheto: 8D
 42640 | Elf:3    | gorgonitescum: 10/10 vault
 42677 | Elf:3    | gorgonitescum: entrar no pandemonium sen haste nin hp non sona ideal
 42677 | Elf:3    | gorgonitescum: pero non quero matar nagas
 43171 | Orc:2    | Bought a potion of brilliance for 35 gold pieces
 43427 | Hell     | Entered the Vestibule of Hell
 43427 | Hell     | Noticed Geryon
 43428 | Hell     | moscheto: 16:30 esta ben
 43430 | Hell     | moscheto: welp
 43430 | Hell     | gorgonitescum: 3/10
 43430 | Hell     | gorgonitescum: would not stab again
 43433 | Hell     | Killed Geryon
 43433 | Hell     | Reached skill level 2 in Charms
 43458 | Hell     | Reached skill level 3 in Charms
 43462 | Hell     | Noticed Murray
 43470 | Hell     | moscheto: imoslle ir ao de mao?
 43472 | Hell     | moscheto: a por el?
 43500 | Depths:3 | gorgonitescum: hm
 43500 | Depths:3 | gorgonitescum: chamao se eso
 43500 | Depths:3 | gorgonitescum: non vaia a ser
 43513 | Depths:3 | gorgonitescum: oops
 43513 | Depths:3 | gorgonitescum: non me din conta de que murray estaba ahí
 43513 | Depths:3 | gorgonitescum: bueno non importa
 43516 | Depths:3 | moscheto: RIP
 43525 | Depths:3 | moscheto: chamoo nun rato
 43532 | Depths:3 | moscheto: se tal pasamos por ai nos ou algho e asi imos a maquina
 43532 | Depths:3 | moscheto: :_D
 43546 | Depths:3 | gorgonitescum: ah
 43546 | Depths:3 | gorgonitescum: pois como queiras
 43546 | Depths:3 | gorgonitescum: sobre a mesma hora
 43546 | Depths:3 | gorgonitescum: ?
 43557 | Depths:3 | Killed Murray
 43616 | Hell     | Reached skill level 4 in Charms
 43714 | Hell     | Found a gateway to the decaying netherworld of Tartarus.
 43728 | Hell     | Reached skill level 5 in Charms
 43791 | Hell     | gorgonitescum: hm
 43791 | Hell     | gorgonitescum: pero eu non quero ir ó inferno
 43829 | Pan      | Entered Pandemonium
 43850 | Pan      | moscheto: ok
 43911 | Pan      | Reached skill level 6 in Charms
 43918 | Pan      | Found an exit through the horrors of the Abyss.
 43959 | Pan      | moscheto: wtf soles con pes
 43964 | Pan      | moscheto: nunca cheghei ai
 43964 | Pan      | gorgonitescum: welcome to pan motherfucker
 43990 | Pan      | Reached XP level 22. HP: 111/118 MP: 35/38
 44032 | Pan      | gorgonitescum: normalmente pasaría dos bechos
 44032 | Pan      | gorgonitescum: pero need dat exp
 44054 | Pan      | Noticed Grasil the pandemonium lord
 44055 | Pan      | moscheto: morren ez
 44055 | Pan      | moscheto: ten pinta de feote ese
 44055 | Pan      | moscheto: >extremely dangerous
 44055 | Pan      | gorgonitescum: random pan lords
 44055 | Pan      | moscheto: >it may possess any vast number of diabolical powers
 44055 | Pan      | moscheto: nope
 44055 | Pan      | gorgonitescum: e teñen brands de melee aleatorias
 44055 | Pan      | gorgonitescum: ó igual que spellsets
 44055 | Pan      | gorgonitescum: >susceptible to cold
 44055 | Pan      | gorgonitescum: gon get shank'd
 44055 | Pan      | moscheto: icecles
 44066 | Pan      | moscheto: welp
 44080 | Pan      | Killed Grasil the pandemonium lord
 44080 | Pan      | Reached skill level 7 in Charms
 44081 | Pan      | gorgonitescum: get good
 44095 | Pan      | moscheto: como impresionan os ufetubi e os nexogeq eses e dan risa
 44106 | Pan      | moscheto: eu matoos no abyss a lvl 1
 44144 | Pan      | Reached skill level 8 in Charms
 44282 | Pan      | Found an exit through the horrors of the Abyss.
 44332 | Pan      | Found a gateway to a ziggurat.
 44363 | Pan      | Reached skill level 9 in Charms
 44390 | Pan      | gorgonitescum: eso que invocou era un shadow fiend
 44390 | Pan      | gorgonitescum: co se fabuloso tormento
 44390 | Pan      | gorgonitescum: entón que di mao, vides vos por aquí ou trepo eu ata aló?
 44463 | Pan      | Learned a level 6 spell: Deflect Missiles
 44475 | Pan      | Noticed Schaorusu the pandemonium lord
 44477 | Pan      | Killed Schaorusu the pandemonium lord
 44478 | Pan      | gorgonitescum: kek
 44481 | Pan      | Reached skill level 10 in Charms
 44601 | Pan      | moscheto: vouno chamar agora que acabou agora o album
 44601 | Pan      | moscheto: lal
 44601 | Pan      | gorgonitescum: ha
 44601 | Pan      | gorgonitescum: entón mira
 44601 | Pan      | gorgonitescum: subo eu por ahí
 44601 | Pan      | moscheto: non o ia chamar coas ventanas rebentando do volume e comigho polomedio
 44601 | Pan      | gorgonitescum: que senon estoulle acaparando o ordenador a meu irmao
 44601 | Pan      | gorgonitescum: e non é plan
 44605 | Pan      | moscheto: como queiras
 44607 | Pan      | cya l8r bby
 44766 | Pan      | Reached skill level 11 in Charms
 44864 | Pan      | Got a pair of twisted gloves
 44875 | Pan      | Identified the -2 pair of gloves of the New World {Dex-3 Int+5} (You acquired it in Pandemonium)
 44875 | Pan      | moscheto: a velos
 44875 | Pan      | gorgonitescum: ahí tes
 44875 | Pan      | moscheto: bueno
 44885 | Pan      | moscheto: sempre podes tiralos
 44885 | Pan      | gorgonitescum: caster gloves!
 44885 | Pan      | gorgonitescum: coma sempre
 44958 | Pan      | Reached skill level 1 in Necromancy
 44975 | Pan      | Found a gateway to a ziggurat.
 44996 | Pan      | gorgonitescum: pero onde está o portal
 44998 | Pan      | gorgonitescum: TI NON ERES UN PORTAL BALRUG
 44999 | Pan      | moscheto: non esta
 45008 | Pan      | Reached skill level 2 in Necromancy
 45011 | Pan      | moscheto: esta detras del
 45069 | Pan      | Reached skill level 3 in Necromancy
 45078 | Pan      | Noticed Zohoe the pandemonium lord
 45079 | Pan      | gorgonitescum: eso non me mola nada eh
 45084 | Pan      | gorgonitescum: oh snap
 45084 | Pan      | gorgonitescum: holy pan
 45162 | Pan      | Reached skill level 4 in Necromancy
 45356 | Pan      | Reached skill level 5 in Necromancy
 45360 | Pan      | moscheto: $$$$$$$$$$$$$$$$$$$$$$$
 45382 | Pan      | gorgonitescum: HA HA
 45382 | Pan      | gorgonitescum: TIME FOR PEARL DRAGONS
 45388 | Pan      | gorgonitescum: 2lethal
 45488 | Pan      | Reached skill level 6 in Necromancy
 45503 | Pan      | moscheto: tes alghunha runa xa?
 45503 | Pan      | gorgonitescum: boa pregunta
 45503 | Pan      | gorgonitescum: nope
 45517 | Pan      | Got an encrusted falchion
 45565 | Pan      | gorgonitescum: espera
 45565 | Pan      | gorgonitescum: creo que retiraron as orbes de zin
 45567 | Pan      | Found a glowing silver altar of Zin.
 45568 | Pan      | gorgonitescum: goddamn
 45684 | Pan      | moscheto: matar un daeva por unha tangerine
 45698 | Pan      | gorgonitescum: edge vine
 45746 | Pan      | Reached skill level 14 in Fighting
 45793 | Pan      | gorgonitescum: putos ophans
 45868 | Pan      | Reached XP level 23. HP: 121/124 MP: 38/38
 45886 | Pan      | gorgonitescum: ía a matar a tres señores do pandemonio
 45886 | Pan      | gorgonitescum: pero ahora supoño que con dous bastará
 45944 | Pan      | gorgonitescum: roused by the hymn
 45952 | Pan      | Found a white marble altar of Elyvilon.
 46106 | Pan      | moscheto: mima
 46107 | Pan      | moscheto: o swimming de hoxe foi todo saude eh
 46107 | Pan      | moscheto: vou poder cear 2 veces
 46107 | Pan      | gorgonitescum: eu tiña unha fame negra ó chegar á casa
 46107 | Pan      | gorgonitescum: dem peanuts
 46107 | Pan      | gorgonitescum: and mushroom omelette
 46126 | Pan      | gorgonitescum: restreganme pola puta cara
 46126 | Pan      | gorgonitescum: as potas de curarse
 46273 | Pan      | moscheto: pasa moito iso
 46318 | Pan      | gorgonitescum: creo que cambiaron a mapa
 46318 | Pan      | moscheto: >scimitar of flaming
 46318 | Pan      | gorgonitescum: antes había unha cova chea de fenixes
 46372 | Pan      | Reached skill level 15 in Fighting
 46373 | Pan      | gorgonitescum: >sleeping on duty
 46572 | Pan      | gorgonitescum: welp
 46843 | Pan      | gorgonitescum: non sei se chetarían o serfín
 46843 | Pan      | gorgonitescum: *a
 46970 | Pan      | Noticed a seraph
 46983 | Pan      | gorgonitescum: >minor healing
 46983 | Pan      | gorgonitescum: non cambiaron nada
 46983 | Pan      | gorgonitescum: bueno lo
 47018 | Pan      | Killed a seraph
 47018 | Pan      | Reached skill level 16 in Fighting
 47022 | Pan      | moscheto: esa armor
 47028 | Pan      | Found a glowing golden altar of the Shining One.
 47029 | Pan      | moscheto: que levas posto?
 47083 | Pan      | gorgonitescum: wake up m8
 47124 | Pan      | moscheto: o.o?
 47135 | Pan      | gorgonitescum: dcíallo ó cherub m8
 47136 | Pan      | moscheto: aha
 47150 | Pan      | moscheto: dex op nerf pls
 47151 | Pan      | gorgonitescum: dang
 47158 | Pan      | Got an encrusted war axe
 47158 | Pan      | Got a scintillating iron ring
 47161 | Pan      | Identified the ring "Ezielaip" {rC+ Dex+3} (You took it off an angel in Pandemonium)
 47162 | Pan      | gorgonitescum: meh
 47173 | Pan      | gorgonitescum: podería usala
 47173 | Pan      | gorgonitescum: pero non teño scrolls aquí
 47183 | Pan      | gorgonitescum: ademais comeme moito sigilo
 47191 | Pan      | moscheto: xa vaia merda
 47209 | Pan      | gorgonitescum: ophans pls
 47210 | Pan      | Got an ichor-stained leather armour
 47227 | Pan      | Identified Noepe's Grimoire of Confrontation
 47233 | Pan      | Identified the cursed -3 leather armour "Wuageises" {rPois Dex+3 Slay-1} (You found it in Pandemonium)
 47234 | Pan      | gorgonitescum: jesus
 47236 | Pan      | Got a demonic rune of Zot
 47237 | Pan      | gorgonitescum: woo
 47237 | Pan      | gorgonitescum: runes
 47247 | Pan      | moscheto: wtf tio
 47248 | Pan      | moscheto: poñen a merda toda onda as runes
 47248 | Pan      | moscheto: debe ser para faser contraste
 47248 | Pan      | gorgonitescum: word
 47443 | Pan      | gorgonitescum: parece todo druída o meu fulano
 47443 | Pan      | gorgonitescum: co seu bastón
 47471 | Pan      | moscheto: non usas a navalla?
 47477 | Pan      | gorgonitescum: para castear o bastón
 47529 | Pan      | moscheto: o map é unha xirafa
 47575 | Pan      | gorgonitescum: hahaha
 47575 | Pan      | gorgonitescum: non me fijara
 47575 | Pan      | gorgonitescum: :D
 47607 | Pan      | Found an exit through the horrors of the Abyss.
 47681 | Pan      | gorgonitescum: tfw no portals
 47732 | Pan      | moscheto: esta no medio
 47745 | Pan      | moscheto: no oco ese neghro que queda ai
 47748 | Pan      | moscheto: seghuro
 47767 | Pan      | gorgonitescum: a nice fiend
 47838 | Pan      | Entered the realm of Mnoleg.
 47839 | Pan      | gorgonitescum: oho
 47839 | Pan      | gorgonitescum: creo que chetaron a mnoleg
 47839 | Pan      | gorgonitescum: e ahora ten dous tentáculos do caos
 47910 | Pan      | Noticed Mnoleg
 47919 | Pan      | gorgonitescum: hasted eatin'
 47921 | Pan      | no
 47924 | Pan      | gorgonitescum: >6 might
 47924 | Pan      | gorgonitescum: omae wa mo
 47924 | Pan      | moscheto: por que non mercas as potas de mutation se tes cure mutation
 47924 | Pan      | gorgonitescum: shindeiru
 47924 | Pan      | moscheto: ._·
 47924 | Pan      | moscheto: e se che sae algho bo?
 47924 | Pan      | gorgonitescum: home non tiña ata agora
 47947 | Pan      | rip
 47950 | Pan      | gorgonitescum: just like my japanese animes
 47974 | Pan      | Killed Mnoleg
 47974 | Pan      | Reached skill level 17 in Fighting
 47975 | Pan      | gorgonitescum: pls mnoleg
 48010 | Pan      | Got a glowing rune of Zot
 48119 | Pan      | Entered the realm of Cerebov.
 48120 | Pan      | gorgonitescum: HA HA HA
 48153 | Pan      | moscheto: q foi
 48153 | Pan      | moscheto: qe me perdin
 48153 | Pan      | gorgonitescum: morreu mnoleg
 48153 | Pan      | gorgonitescum: cos seus tentáculos
 48153 | Pan      | gorgonitescum: e ahora vai morrer cerebruv
 48153 | Pan      | moscheto: colleches a runa, eso vino
 48153 | Pan      | gorgonitescum: https://i.4cdn.org/vg/1412544059978.png
 48153 | Pan      | gorgonitescum: ºo/
 48153 | Pan      | moscheto: pero o HA HA HA
 48153 | Pan      | moscheto: perdinmo
 48153 | Pan      | gorgonitescum: HA HA HA
 48153 | Pan      | gorgonitescum: porque está aquí cerebov
 48153 | Pan      | gorgonitescum: que ven sendo o mellor panlord
 48155 | Pan      | gorgonitescum: dang
 48187 | Pan      | 2sunny
 48202 | Pan      | moscheto: need moar suns
 48554 | Pan      | Reached XP level 24. HP: 133/136 MP: 37/39
 48591 | Pan      | Noticed Cerebov
 48591 | Pan      | gorgonitescum: que merda que lle meteran estes títulos rimbombantes
 48591 | Pan      | gorgonitescum: co que molaba cando eran en plan
 48591 | Pan      | gorgonitescum: THREE SHEEP, A FROG, RUPERT AND TWO LIZARDS COME INTO VIEW
 48591 | Pan      | moscheto: xD
 48591 | Pan      | gorgonitescum: e era en plan así ó despiste
 48591 | Pan      | moscheto: si tal
 48597 | Pan      | tay shanked son
 48675 | Pan      | Learned a level 1 spell: Apportation
 48696 | Pan      | Got a pair of faintly humming boots
 48697 | Pan      | Identified the cursed +0 pair of boots "Pukaracw" {+Inv Dex+2} (You found it in Pandemonium)
 48705 | Pan      | moscheto: YOOOOOOOOOOOOOOOOOOO
 48719 | Pan      | moscheto: xerokynos streaming cookieclicker
 48723 | Pan      | gorgonitescum: lol
 48723 | Pan      | moscheto: afterwards ff viii
 48727 | Pan      | moscheto: fai speedruns de cookieclicker o fulano
 48727 | Pan      | gorgonitescum: en serio?
 48727 | Pan      | gorgonitescum: :D
 48736 | Pan      | Identified the Reference Book on Fetching Good Luck
 48760 | Pan      | moscheto: e solo escoita björk mentres fai as runs de cookieclicker
 48794 | Pan      | Got a smoking mottled dragon armour
 48813 | Pan      | Identified the cursed -1 mottled dragon armour of the Snake Pit {+Inv rElec MR++} (You found it in Pandemonium)
 48813 | Pan      | gorgonitescum: welp
 48813 | Pan      | gorgonitescum: putas serpes
 48813 | Pan      | moscheto: podian morrer todas
 48865 | Pan      | gorgonitescum: por fin
 48865 | Pan      | gorgonitescum: todos os putos staves do xogo
 48865 | Pan      | gorgonitescum: e este é o último
 48876 | Pan      | Identified Crusky's Reference Book on the Escort and Feathers
 48882 | Pan      | Got a faintly glowing chain mail
 48922 | Pan      | gorgonitescum: como mola
 48922 | Pan      | gorgonitescum: lootearlle o castillo
 48984 | Pan      | gorgonitescum: pls bruv
 48984 | Pan      | gorgonitescum: wake up
 48994 | Pan      | gorgonitescum: pls bruv
 48994 | Pan      | gorgonitescum: gon get hurt
 48995 | Pan      | moscheto: op pls nerv
 49014 | Pan      | Killed Cerebov
 49014 | Pan      | Reached skill level 12 in Armour
 49015 | Pan      | gorgonitescum: welp
 49018 | Pan      | moscheto: ezst game of my focken life
 49023 | Pan      | Got a fiery rune of Zot
 49050 | Pan      | gorgonitescum: e ahora con lmao3rune
 49050 | Pan      | gorgonitescum: xa podes entrar en zot
 49119 | Pan      | Entered the realm of Gloorx Vloq.
 49120 | Pan      | gorgonitescum: anda
 49120 | Pan      | gorgonitescum: que fago, matoo ou voume?
 49120 | Pan      | moscheto: matao
 49120 | Pan      | gorgonitescum: k
 49120 | Pan      | gorgonitescum: K
 49137 | Pan      | moscheto: wtf
 49137 | Pan      | moscheto: eso que tiraches era un anillo de intelixencia?
 49137 | Pan      | moscheto: DEX
 49145 | Pan      | gorgonitescum: quality icons
 49145 | Pan      | moscheto: pon DEX na tile
 49150 | Pan      | moscheto: xD
 49235 | Pan      | gorgonitescum: podo facer unha cousa
 49235 | Pan      | gorgonitescum: coller as runas do pandemonio e inferno
 49235 | Pan      | gorgonitescum: prque as outras cheiran a fin de contas
 49258 | Pan      | moscheto: dalle jas
 49376 | Pan      | gorgonitescum: este debe de ser o panlord mais perigoso
 49376 | Pan      | gorgonitescum: pero como a IA cheira
 49376 | Pan      | gorgonitescum: e non ten moito hp
 49376 | Pan      | gorgonitescum: normalmente non ten fallo
 49385 | Pan      | Noticed Gloorx Vloq
 49405 | Pan      | Reached skill level 13 in Armour
 49432 | Pan      | gorgonitescum: pls gloorx
 49432 | Pan      | gorgonitescum: gon steal rune m8
 49433 | Pan      | Got a dark rune of Zot
 49492 | Pan      | Killed Gloorx Vloq
 49528 | Pan      | moscheto: >Gloorox Volq hits you but does no damage
 49539 | Pan      | moscheto: dngerous shet
 49604 | Pan      | Found an exit through the horrors of the Abyss.
 49611 | Pan      | gorgonitescum: depende de como o collas
 49611 | Pan      | gorgonitescum: yo artagel
 49611 | Pan      | Artagel: time to report in
 49611 | Pan      | gorgonitescum: only lom left
 49611 | Pan      | gorgonitescum: I think
 49703 | Pan      | Artagel: goons haven't managed to ruin VS yet then?
 49708 | Pan      | gorgonitescum: actually
 49708 | Pan      | gorgonitescum: fungus tried couple of hours back
 49708 | Pan      | gorgonitescum: literally halved bite damage
 49708 | Pan      | Artagel: :D
 49708 | Pan      | gorgonitescum: because that's how you balance things
 49708 | Pan      | gorgonitescum: lemme find the commit
 49708 | Pan      | Artagel: He really does hate fun
 49708 | Pan      | Artagel: is VS overrepresented among gudplayers or did I miss something? :o
 49708 | Pan      | gorgonitescum: well
 49708 | Pan      | gorgonitescum: I think someone grabbed one
 49708 | Pan      | gorgonitescum: and beat the total highscore
 49708 | Pan      | gorgonitescum: but that's purely coincidental
 49708 | Pan      | Artagel: Hm, not that I keep track of development except watching the blurbs pasted into rlg
 49708 | Pan      | Artagel: But unless the race is overrepresented somehow then it's a bit weird
 49708 | Pan      | gorgonitescum: https://gitorious.org/crawl/crawl/commit/27e016aacd24d60f726e753b8ef3e2cb80dfafdb
 49708 | Pan      | gorgonitescum: fungus just has very weird notions of what's actually part of the race
 49708 | Pan      | gorgonitescum: also they ruined alchemist hat
 49708 | Pan      | gorgonitescum: :<
 49708 | Pan      | Artagel: (
 49710 | Pan      | Artagel: rip hat of 15 runes
 49710 | Pan      | gorgonitescum: https://gitorious.org/crawl/crawl/commit/bae9fbcbd4d9d273abd7654eecd0a400ad892c06
 49710 | Pan      | gorgonitescum: more interesting
 49715 | Pan      | Artagel: how can he talk about what is the core design btw
 49729 | Pan      | gorgonitescum: that is indeed
 49729 | Pan      | moscheto: Make the alchemist hat become the crapchemist hat
 49729 | Pan      | Artagel: I mean, did anyone else actually tweak VS beyond you and Basil? :D
 49729 | Pan      | gorgonitescum: a very good question
 49729 | Pan      | gorgonitescum: nope
 49729 | Pan      | gorgonitescum: and we did a goddamn excellent job at that
 49729 | Pan      | gorgonitescum: as the professionals we are
 49751 | Pan      | Found an exit through the horrors of the Abyss.
 49880 | Pan      | Found an exit through the horrors of the Abyss.
 49880 | Pan      | Found an exit through the horrors of the Abyss.
 49881 | Pan      | gorgonitescum: this is not lom
 49881 | Pan      | gorgonitescum: god
 49881 | Pan      | Artagel: Well, the AM brand was ever interesting and the lack of ~crutches~ should be scary to most players
 49898 | Pan      | Artagel: because you cant just hwrace something with line of sight etc
 49921 | Pan      | gorgonitescum: exactly
 49921 | Pan      | gorgonitescum: and I mean, you do have to give people some reason for them to get in harm's way
 49921 | Pan      | gorgonitescum: else they'll just stand back and abuse regen
 49921 | Pan      | gorgonitescum: and you have cats 2.0
 49988 | Pan      | Gained mutation: You tend to lose your temper in combat. [a neqoxec]
 49989 | Pan      | gorgonitescum: bad neqo
 50022 | Pan      | Entered the realm of Lom Lobon.
 50023 | Pan      | gorgonitescum: oho
 50023 | Pan      | gorgonitescum: good landing
 50023 | Pan      | Artagel: :D
 50026 | Pan      | Noticed Lom Lobon
 50027 | Pan      | Artagel: FORBIDDEN KNOWLEDGE :O
 50027 | Pan      | gorgonitescum: those titles are so forced
 50027 | Pan      | gorgonitescum: jesus
 50027 | Pan      | gorgonitescum: goes past the threshold of awkward
 50028 | Pan      | Artagel: inbefore sanity blasts
 50029 | Pan      | Artagel: good start
 50029 | Pan      | gorgonitescum: why are you confused lom
 50029 | Pan      | gorgonitescum: I'm rite here m8
 50039 | Pan      | gorgonitescum: goddamn these are good bites
 50040 | Pan      | Artagel: oh just thought about it, are you running with haste/regen as your charms? :o
 50040 | Pan      | Killed Lom Lobon
 50041 | Pan      | Artagel: quite so
 50049 | Pan      | Artagel: ah the dmsl
 50055 | Pan      | Artagel: very well.
 50083 | Pan      | Reached skill level 20 in Stealth
 50094 | Pan      | Got a magical rune of Zot
 50117 | Pan      | gorgonitescum: yeah it's usable
 50117 | Pan      | gorgonitescum: that's an advantage
 50121 | Pan      | Artagel: running sure blade too?
 50121 | Pan      | Artagel: or did they nerf it
 50121 | Pan      | gorgonitescum: well technically
 50121 | Pan      | gorgonitescum: I just forget to use it
 50132 | Pan      | gorgonitescum: ha ha
 50132 | Pan      | gorgonitescum: time for hell
 50166 | Pan      | Artagel: I've never ever seen you
 50175 | Pan      | Artagel: type >time for hell
 50187 | Pan      | Artagel: :D
 50262 | Pan      | gorgonitescum: it's been a while
 50262 | Pan      | gorgonitescum: so I can have fun more easily
 50276 | Pan      | gorgonitescum: starry-eyed newbie
 50280 | Pan      | Artagel: \o/
 50284 | Pan      | Gained mutation: Armour fits poorly on your strangely shaped body. [a cacodemon]
 50323 | Pan      | moscheto: im going, bb bby <3
 50323 | Pan      | gorgonitescum: dang
 50323 | Pan      | gorgonitescum: sec
 50339 | Pan      | gorgonitescum: what is this
 50339 | Pan      | Artagel: xD
 50339 | Pan      | gorgonitescum: what's in the box
 50414 | Pan      | gorgonitescum: improvement!
 50549 | Pan      | Noticed Sankeuw the pandemonium lord
 50560 | Pan      | byew guise
 50561 | Depths:3 | Escaped Pandemonium
 50577 | Depths:3 | Lost mutation: Armour fits poorly on your strangely shaped body. [potion of cure mutation]
 50577 | Depths:3 | Lost mutation: You tend to lose your temper in combat. [potion of cure mutation]
 50608 | Tar:1    | Entered Level 1 of Tartarus
 50608 | Tar:1    | Found a gateway to Hell.
 50615 | Tar:2    | Found a gateway to Hell.
 50646 | Tar:3    | Found a gateway to Hell.
 50781 | Tar:4    | Found a gateway to Hell.
 50833 | Tar:4    | Found a gateway to Hell.
 50877 | Tar:4    | Reached skill level 21 in Stealth
 50910 | Tar:5    | Found a gateway to Hell.
 50922 | Tar:6    | Found a gateway to Hell.
 50935 | Tar:6    | gorgonitescum: goddamn bloax tiles
 50999 | Tar:6    | Found a gateway to Hell.
 51074 | Tar:7    | Entered Level 7 of Tartarus
 51074 | Tar:7    | Found a gateway to Hell.
 51126 | Tar:7    | gorgonitescum: HA HA HA
 51181 | Tar:7    | Reached skill level 12 in Air Magic
 51196 | Tar:7    | Reached XP level 25. HP: 127/140 MP: 39/39
 51314 | Tar:7    | Artagel: :DD
 51314 | Tar:7    | Noticed the Serpent of Hell
 51315 | Tar:7    | Artagel: sup serpent
 51315 | Tar:7    | gorgonitescum: was half expecting it to be The Serpent of Hell, the Dreaded Lizard
 51315 | Tar:7    | gorgonitescum: or something equally terrible
 51318 | Tar:7    | Artagel: the ~dreaded lizard~
 51318 | Tar:7    | Artagel: I like it
 51318 | Tar:7    | gorgonitescum: probably do want to use sb on eresh
 51318 | Tar:7    | Artagel: probably
 51318 | Tar:7    | Artagel: dang
 51318 | Tar:7    | Artagel: spell icons
 51321 | Tar:7    | Artagel: what is this fanciness
 51321 | Tar:7    | gorgonitescum: and they even make a degree of sense
 51321 | Tar:7    | gorgonitescum: lots of new weapons too
 51321 | Tar:7    | Artagel: yes actually
 51321 | Tar:7    | gorgonitescum: some are incredibly bad
 51321 | Tar:7    | gorgonitescum: some are really good
 51321 | Tar:7    | gorgonitescum: (dwhips are not)
 51321 | Tar:7    | Artagel: well these seem fine at least
 51321 | Tar:7    | gorgonitescum: idd
 51321 | Tar:7    | Artagel: oh you meant the weapons
 51331 | Tar:7    | gorgonitescum: fine
 51331 | Tar:7    | gorgonitescum: goddamn lizard
 51333 | Tar:7    | Artagel: tasty lizard
 51337 | Tar:7    | gorgonitescum: ha
 51337 | Tar:7    | gorgonitescum: miasma
 51337 | Tar:7    | gorgonitescum: pls lizard
 51345 | Tar:7    | Artagel: !!!
 51345 | Tar:7    | Artagel: alert
 51345 | Tar:7    | gorgonitescum: wait
 51345 | Tar:7    | gorgonitescum: shit I forgot
 51345 | Tar:7    | gorgonitescum: I think some idiot doubled its hp
 51345 | Tar:7    | gorgonitescum: sigh
 51345 | Tar:7    | Artagel: engage the danger zone
 51352 | Tar:7    | Artagel: do we like this state of things
 51352 | Tar:7    | Artagel: ?
 51353 | Tar:7    | gorgonitescum: well
 51353 | Tar:7    | Artagel: I suppose a disengage is a bit risky too
 51353 | Tar:7    | gorgonitescum: summon dragon
 51353 | Tar:7    | gorgonitescum: you wot
 51353 | Tar:7    | Artagel: :DDD
 51353 | Tar:7    | Artagel: welp
 51353 | Tar:7    | gorgonitescum: pls no quicksilvers
 51360 | Tar:7    | Artagel: christ this is tense
 51361 | Tar:7    | gorgonitescum: what the fuck
 51361 | Tar:7    | gorgonitescum: what in the name of all fuck was that
 51361 | Tar:7    | gorgonitescum: has it been breathing that the entire time?
 51361 | Tar:7    | Artagel: fire EVERYTHING
 51361 | Tar:7    | Artagel: I dunno actually
 51361 | Tar:7    | Artagel: decent alpha strike tho
 51361 | Tar:7    | gorgonitescum: oh jesus
 51361 | Tar:7    | gorgonitescum: this explains all the pain
 51361 | Tar:7    | Artagel: quite so
 51361 | Tar:7    | Artagel: so hm
 51361 | Tar:7    | Artagel: what is the battleplan from this
 51372 | Tar:7    | Artagel: pls go dragon
 51374 | Tar:7    | gorgonitescum: the plan is death
 51374 | Tar:7    | gorgonitescum: the death of the thousand knives
 51374 | Tar:7    | gorgonitescum: and the ten thousand teeth
 51374 | Tar:7    | Artagel: engage the blender
 51374 | Tar:7    | Artagel: warfare4life
 51384 | Tar:7    | Artagel: !
 51384 | Tar:7    | gorgonitescum: pffff
 51384 | Tar:7    | gorgonitescum: ice dragons
 51384 | Tar:7    | Killed the Serpent of Hell
 51384 | Tar:7    | Reached skill level 13 in Air Magic
 51385 | Tar:7    | Artagel: 2safe
 51385 | Tar:7    | gorgonitescum: shoulda gitten gud
 51385 | Tar:7    | gorgonitescum: while it had the chance
 51388 | Tar:7    | Artagel: But hm, that was dangerous
 51396 | Tar:7    | gorgonitescum: holy shit wasn't it
 51396 | Tar:7    | gorgonitescum: triple breaths!
 51396 | Tar:7    | gorgonitescum: with that much hp
 51396 | Tar:7    | gorgonitescum: angband mode dragons engaged
 51417 | Tar:7    | Artagel: mmm angband
 51428 | Tar:7    | Noticed Ereshkigal
 51428 | Tar:7    | Artagel: I should probably git gud and finish my monk in poschengband
 51428 | Tar:7    | Artagel: but technically I should reroll
 51428 | Tar:7    | Artagel: QUEEN OF TARTARUS
 51428 | Tar:7    | Artagel: BOW BEFORE HER
 51428 | Tar:7    | Artagel: OR DIE TRYING
 51428 | Tar:7    | gorgonitescum: QUEEN
 51428 | Tar:7    | gorgonitescum: THAT'S A GENDER-IMPLYING TERM
 51428 | Tar:7    | gorgonitescum: SEXISM
 51428 | Tar:7    | Artagel: for real
 51428 | Tar:7    | gorgonitescum: down with the patriarchy
 51428 | Tar:7    | gorgonitescum: etc
 51428 | Tar:7    | Artagel: A strong womyn
 51428 | Tar:7    | gorgonitescum: I mean they did change sirens
 51428 | Tar:7    | Artagel: who dont need no man
 51432 | Tar:7    | gorgonitescum: pls no luncheon
 51434 | Tar:7    | gorgonitescum: now keep your eyes peeled
 51434 | Tar:7    | gorgonitescum: for I will unleash
 51434 | Tar:7    | gorgonitescum: next level tactics
 51435 | Tar:7    | Artagel: :O
 51445 | Tar:7    | Artagel: 4 misses ;_;
 51445 | Tar:7    | gorgonitescum: tactics confirmed failed
 51447 | Tar:7    | gorgonitescum: hm
 51447 | Tar:7    | gorgonitescum: this doesn't seem ideal
 51448 | Tar:7    | Artagel: not really no
 51448 | Tar:7    | Artagel: torment spamming too
 51471 | Tar:7    | Artagel: rip corpses
 51471 | Tar:7    | Artagel: no fun allowed
 51471 | Tar:7    | gorgonitescum: I like how I can't pick up the damn dog
 51471 | Tar:7    | gorgonitescum: to close the goddamn door
 51485 | Tar:7    | Artagel: should have considered the tactical gameplay
 51493 | Tar:7    | Artagel: of not killing dudes on doors
 51516 | Tar:7    | Artagel: !!!
 51556 | Tar:7    | Artagel: (I guess this is what people actually believe)
 51576 | Tar:7    | gorgonitescum: Well that's the only reasonable explanation.
 51576 | Tar:7    | gorgonitescum: Else they would've fixed it
 51579 | Tar:7    | gorgonitescum: oh no
 51579 | Tar:7    | gorgonitescum: the
 51579 | Tar:7    | gorgonitescum: phantasm
 51580 | Tar:7    | Artagel: THEY HAVE YOU NOW
 51588 | Tar:7    | Artagel: tasty power
 51622 | Tar:7    | gorgonitescum: bloax turned shadow demans
 51622 | Tar:7    | gorgonitescum: into muscle djinne
 51622 | Tar:7    | gorgonitescum: *i
 51622 | Tar:7    | gorgonitescum: from the dark side
 51623 | Tar:7    | Artagel: they lift
 51624 | Tar:7    | Artagel: time for attempt 1.5
 51625 | Tar:7    | Artagel: improved edition
 51629 | Tar:7    | gorgonitescum: OH SNAP
 51629 | Tar:7    | Artagel: !
 51629 | Tar:7    | gorgonitescum: WE HAVE YOU NOW
 51636 | Tar:7    | Killed Ereshkigal
 51637 | Tar:7    | Artagel: rip
 51637 | Tar:7    | gorgonitescum: SHOULDA BEEN WARY
 51651 | Tar:7    | Reached skill level 14 in Air Magic
 51675 | Tar:7    | Got a fine ring mail
 51682 | Tar:7    | Got a bone rune of Zot
 51691 | Tar:7    | Artagel: watta vault
 51693 | Tar:7    | Artagel: only the finest loot saved by eresh
 51697 | Tar:7    | Artagel: wtb force backpack
 51708 | Tar:7    | gorgonitescum: dang
 51710 | Tar:7    | Identified the +3 ring mail of Tecviqitra {Str+2} (You found it on level 7 of Tartarus)
 51710 | Tar:7    | Artagel: +2!
 51710 | Tar:7    | gorgonitescum: such quality this mail
 51716 | Tar:7    | Artagel: That's like beyond awesome :D
 51770 | Tar:7    | gorgonitescum: god
 51770 | Tar:7    | gorgonitescum: I specifically avoided swamp
 51770 | Tar:7    | gorgonitescum: not to deal with them
 51779 | Tar:7    | Artagel: >spectral swamp worms
 51781 | Tar:7    | Artagel: wot
 51831 | Hell     | gorgonitescum: hrm
 51831 | Hell     | gorgonitescum: 2mite
 51831 | Hell     | gorgonitescum: fine I'll kill antaeus
 51831 | Hell     | gorgonitescum: since someone has to kill him
 51831 | Hell     | gorgonitescum: might as well be me
 51831 | Hell     | gorgonitescum: then I'll go to bed
 51831 | Hell     | Artagel: so early?
 51831 | Hell     | Artagel: It's not even 6am
 51831 | Hell     | gorgonitescum: gotta dedlift tomorro!
 51831 | Hell     | Artagel: but
 51831 | Hell     | Artagel: there are dudes alive
 51831 | Hell     | Artagel: ??? :D
 51831 | Hell     | gorgonitescum: :D
 51831 | Hell     | gorgonitescum: I've left those days behind I'm afraid
 51831 | Hell     | gorgonitescum: mostly
 51831 | Hell     | gorgonitescum: kinda
 51865 | Hell     | Artagel: behold the statue of doom
 51869 | Hell     | Found a gateway to the freezing wastes of Cocytus.
 51874 | Coc:1    | Entered Level 1 of Cocytus
 51874 | Coc:1    | Found a gateway to Hell.
 51875 | Coc:1    | Artagel: hm
 51875 | Coc:1    | gorgonitescum: statue status:
 51875 | Coc:1    | gorgonitescum: bypassed
 51875 | Coc:1    | Artagel: a wild wellspring appears
 51875 | Coc:1    | gorgonitescum: why is water purple
 51875 | Coc:1    | gorgonitescum: wait
 51875 | Coc:1    | gorgonitescum: that's not water
 51875 | Coc:1    | gorgonitescum: jesus I don't like this already
 51880 | Coc:1    | Artagel: this is a shitty color scheme
 51896 | Coc:1    | Artagel: terrible visibility in the land of purple
 51957 | Coc:1    | Artagel: :|
 51971 | Coc:1    | Artagel: I still dislike the concept of torment
 51974 | Coc:1    | gorgonitescum: why won't people leave me alone
 52012 | Coc:1    | gorgonitescum: good lord
 52012 | Coc:1    | gorgonitescum: not the spiny frog zombie
 52012 | Coc:1    | gorgonitescum: wouldn't want to incur its mighty wrath
 52028 | Coc:1    | Artagel: careful
 52032 | Coc:1    | Artagel: they bite!
 52033 | Coc:1    | gorgonitescum: oh no
 52033 | Coc:1    | gorgonitescum: they summoned a second one!
 52036 | Coc:2    | Found a gateway to Hell.
 52102 | Coc:3    | Found a gateway to Hell.
 52144 | Coc:3    | no
 52172 | Coc:3    | Artagel: :D
 52173 | Coc:3    | Artagel: so lost :(
 52236 | Coc:3    | gorgonitescum: skullwall 2gr8
 52240 | Coc:3    | gorgonitescum: get skulled son
 52334 | Coc:3    | Found a gateway to Hell.
 52339 | Coc:3    | Found a gateway to Hell.
 52371 | Coc:4    | Found a gateway to Hell.
 52400 | Coc:4    | Artagel: seems to be going at a solid pace at least
 52422 | Coc:4    | Found a gateway to Hell.
 52459 | Coc:4    | gorgonitescum: yeah idk
 52459 | Coc:4    | gorgonitescum: I'm remembering the uh
 52459 | Coc:4    | gorgonitescum: not so good stuff
 52480 | Coc:5    | Found a gateway to Hell.
 52516 | Coc:5    | gorgonitescum: but at least diving depths was fun
 52516 | Coc:5    | gorgonitescum: there was this time at XL 17
 52516 | Coc:5    | gorgonitescum: with titans and aliches
 52516 | Coc:5    | gorgonitescum: and boy that was the real deal
 52548 | Coc:5    | Artagel: Well, I guess that remains the best part of crawlan
 52566 | Coc:5    | Artagel: high stakes tacticool gameplay
 52612 | Coc:5    | gorgonitescum: hey
 52612 | Coc:5    | gorgonitescum: my dex
 52613 | Coc:5    | gorgonitescum: yeah okay
 52613 | Coc:5    | gorgonitescum: you know what they say about hells?
 52658 | Coc:5    | Found a gateway to Hell.
 52664 | Coc:6    | Found a gateway to Hell.
 52667 | Coc:6    | Artagel: simply the best vacation spot in entire crawl
 52670 | Coc:6    | Artagel: a+ would visit again
 52670 | Coc:6    | gorgonitescum: well it was something more along the lines of
 52670 | Coc:6    | gorgonitescum: fuck hells
 52670 | Coc:6    | gorgonitescum: but close enough
 52670 | Coc:6    | gorgonitescum: B+ for effort
 52676 | Coc:6    | Reached skill level 12 in Conjurations
 52703 | Coc:6    | Artagel: :<
 52708 | Coc:6    | Artagel: so close
 52709 | Coc:6    | gorgonitescum: so yeah I think killing anta
 52709 | Coc:6    | gorgonitescum: and then zot
 52709 | Coc:6    | gorgonitescum: and then freedom
 52773 | Coc:6    | gorgonitescum: hm
 52773 | Coc:6    | Artagel: but but
 52773 | Coc:6    | gorgonitescum: god it really pisses me off that I have to come around again to stop "the devs" from ruining VS though
 52791 | Coc:6    | Artagel: isn't there something fun to do
 52802 | Coc:6    | Artagel: like eh
 52802 | Coc:6    | gorgonitescum: well
 52836 | Coc:6    | gorgonitescum: I could do tomb!
 52854 | Coc:6    | Found a gateway to Hell.
 52861 | Coc:7    | Entered Level 7 of Cocytus
 52861 | Coc:7    | Found a gateway to Hell.
 52861 | Coc:7    | Found a gateway to Hell.
 52861 | Coc:7    | Found a gateway to Hell.
 52862 | Coc:7    | Artagel: I like the sound of that
 52864 | Coc:7    | Artagel: the egyptian menace must be contained
 52864 | Coc:7    | Artagel: at the cost of all the curses
 52864 | Coc:7    | gorgonitescum: I thought you were my friend
 52864 | Coc:7    | gorgonitescum: friends don't let friends do tomb
 52873 | Coc:7    | Artagel: of course friends do
 52885 | Coc:7    | Artagel: it's like being a designated driver
 52897 | Coc:7    | Artagel: except for crawl
 52924 | Coc:7    | gorgonitescum: wouldn't hell be great
 52924 | Coc:7    | gorgonitescum: if you could just like
 52924 | Coc:7    | gorgonitescum: walk into the real level
 52968 | Coc:7    | Artagel: just casually stroll up
 52989 | Coc:7    | Artagel: while screaming the propaganda of zin
 52997 | Coc:7    | gorgonitescum: what is beating me up
 52997 | Coc:7    | Artagel: no idea actually, bolt of poison hit
 53062 | Coc:7    | gorgonitescum: must've been that negating regen
 53124 | Coc:7    | Artagel: >kraken zombie magic
 53130 | Coc:7    | Artagel: that sounds dangerous
 53193 | Coc:7    | Reached skill level 13 in Conjurations
 53244 | Coc:7    | gorgonitescum: TABTABTABTAB
 53273 | Coc:7    | gorgonitescum: all things considered
 53273 | Coc:7    | gorgonitescum: tab is still probably my favorite school of magic
 53278 | Coc:7    | Artagel: well
 53283 | Coc:7    | Artagel: It's efficient
 53292 | Coc:7    | Artagel: and doesn't even cost mana
 53292 | Coc:7    | Artagel: !
 53375 | Coc:7    | gorgonitescum: oh my god what
 53375 | Coc:7    | gorgonitescum: this fucking map
 53375 | Coc:7    | gorgonitescum: god
 53379 | Coc:7    | Artagel: best map
 53383 | Coc:7    | gorgonitescum: oh wait
 53383 | Coc:7    | gorgonitescum: corner right there
 53384 | Coc:7    | gorgonitescum: based map
 53431 | Coc:7    | gorgonitescum: it would be good for that fiend to die
 53454 | Coc:7    | gorgonitescum: god the entire gang heard the explosion
 53523 | Coc:7    | Artagel: it lives to fight another day
 53524 | Coc:7    | Noticed Antaeus
 53524 | Coc:7    | gorgonitescum: there was never a doubt artagel
 53524 | Coc:7    | Artagel: ~Guardian of Cocytus
 53524 | Coc:7    | gorgonitescum: master of vines
 53557 | Coc:7    | Artagel: tried and true curare strategy engaged
 53578 | Coc:7    | Artagel: !
 53578 | Coc:7    | Artagel: ALERT
 53578 | Coc:7    | gorgonitescum: pls anta
 53578 | Coc:7    | Artagel: he just tormented you with melee
 53584 | Coc:7    | Artagel: nerf muscle wizards plz
 53589 | Coc:7    | gorgonitescum: huh
 53589 | Coc:7    | gorgonitescum: ring of int
 53609 | Coc:7    | gorgonitescum: stop being silly anta
 53611 | Coc:7    | Yermak: finsl stab
 53611 | Coc:7    | gorgonitescum: yeah that's not gonna finish anyone
 53611 | Coc:7    | gorgonitescum: but anyway
 53611 | Coc:7    | Yermak: nope
 53614 | Coc:7    | Killed Antaeus
 53614 | Coc:7    | Reached skill level 14 in Conjurations
 53615 | Coc:7    | gorgonitescum: get good anta
 53615 | Coc:7    | gorgonitescum: goddamn
 53615 | Coc:7    | Yermak: you haven't played stabbers enough
 53615 | Coc:7    | Yermak: if you have stab chance, use it
 53615 | Coc:7    | Artagel: highlander \o/
 53622 | Coc:7    | Artagel: the champion endures
 53676 | Coc:7    | gorgonitescum: appropriate ring
 53679 | Coc:7    | Got an icy rune of Zot
 53681 | Coc:7    | Gained mutation: You can translocate small distances at will. [mutagenic glow]
 53720 | Coc:7    | gorgonitescum: oh
 53720 | Coc:7    | gorgonitescum: OH
 53720 | Coc:7    | gorgonitescum: hahaha
 53720 | Coc:7    | gorgonitescum: hey artagel
 53720 | Coc:7    | Artagel: ? :o
 53720 | Coc:7    | gorgonitescum: did you notice I fought anta at 18 dex
 53720 | Coc:7    | gorgonitescum: :D
 53721 | Coc:7    | Artagel: yarr
 53723 | Coc:7    | Artagel: one does not simply buff defenses
 53735 | Coc:7    | Artagel: when fighting the guardian of coc
 53746 | Coc:7    | gorgonitescum: merely anta
 53746 | Coc:7    | gorgonitescum: can tank the hits anyway
 53754 | Coc:7    | Artagel: I liked his torment by fist
 53808 | Hell     | gorgonitescum: god I hate all of you
 53841 | Hell     | gorgonitescum: so anyway
 53841 | Hell     | gorgonitescum: what did we say was the plan?
 53841 | Hell     | Artagel: well
 53841 | Hell     | gorgonitescum: oh hey yermak left
 53841 | Hell     | Artagel: depends on how insane you feel
 53841 | Hell     | gorgonitescum: no more honorable stabby sensei
 53841 | Hell     | Artagel: I mean, tomb is tomb
 53841 | Hell     | gorgonitescum: yes well tomb is
 53841 | Hell     | gorgonitescum: I mean I don't know how I'll feel about that tomorrow
 53841 | Hell     | gorgonitescum: I'll have lots of regen at least
 53841 | Hell     | gorgonitescum: there's a new unique at tomb though
 53841 | Hell     | Artagel: fancy
 53841 | Hell     | gorgonitescum: some sort of phoenix I think?
 53841 | Hell     | gorgonitescum: anyway could be worth the trip
 53848 | Depths:3 | Artagel: valley of kings flashback
 53848 | Depths:3 | gorgonitescum: wait
 53848 | Depths:3 | gorgonitescum: but for that I need to enter vaults
 53848 | Depths:3 | gorgonitescum: and then crypt
 53848 | Depths:3 | gorgonitescum: oh my
 53848 | Depths:3 | Artagel: I guess you could win as well
 53848 | Depths:3 | gorgonitescum: what
 53848 | Depths:3 | Artagel: to keep the conduct
 53848 | Depths:3 | gorgonitescum: what does Gozag want the money for
 53848 | Depths:3 | gorgonitescum: is that the joining fee?
 53848 | Depths:3 | gorgonitescum: is he drunk
 53848 | Depths:3 | Artagel: :D
 53848 | Depths:3 | gorgonitescum: he does literally nothing
 53848 | Depths:3 | Artagel: merely 4k
 53848 | Depths:3 | gorgonitescum: Xom on demand
 53848 | Depths:3 | gorgonitescum: but not even funny
 53848 | Depths:3 | gorgonitescum: pls go
 53848 | Depths:3 | gorgonitescum: oh d3 purgy
 53848 | Depths:3 | Artagel: I like how you haven't found trog
 53848 | Depths:3 | Artagel: d3 purgy sounds fair
 53848 | Depths:3 | gorgonitescum: the missing wrath
 53848 | Depths:3 | Artagel: and not at all like going to nearest stair
 53848 | Depths:3 | gorgonitescum: and never coming back
 53848 | Depths:3 | gorgonitescum: perfectly killable with bizaps!
 53848 | Depths:3 | gorgonitescum: you can almost even negate his regen with them
 53848 | Depths:3 | Artagel: :D
 53848 | Depths:3 | Artagel: maximum effort air magic gaming
 53848 | Depths:3 | gorgonitescum: hm
 53848 | Depths:3 | gorgonitescum: I do like lightning bolt tbh
 53848 | Depths:3 | gorgonitescum: it's shit at shit power
 53848 | Depths:3 | gorgonitescum: but you get it early
 53848 | Depths:3 | gorgonitescum: and at huge power it's a death laser
 53848 | Depths:3 | gorgonitescum: that hits twice
 53848 | Depths:3 | gorgonitescum: it wakes up everyone but then again who cares
 53848 | Depths:3 | Artagel: There's a good offensive item in poe
 53848 | Depths:3 | Artagel: with a excellent description
 53848 | Depths:3 | Artagel: "When you have slain all of your enemies, what is left to fear?"
 53848 | Depths:3 | Artagel: It gives a big phys damage bonus and makes you 40-50% vulnerable to physical damage
 53848 | Depths:3 | Artagel: :D
 53848 | Depths:3 | gorgonitescum: :D
 53848 | Depths:3 | gorgonitescum: sounds like my type of item alright
 53848 | Depths:3 | gorgonitescum: hm
 53848 | Depths:3 | gorgonitescum: okay so I'll probably decide on tomb tomorrow
 53848 | Depths:3 | gorgonitescum: but now one must rest for the quality deadliftan
 53848 | Depths:3 | Artagel: very well
 53848 | Depths:3 | TOMB MAYBE IDK
 53848 | Depths:3 | ALTHOUG V DOES SUCK
 53848 | Depths:3 | gorgonitescum: later then
 53848 | Depths:3 | Artagel: yarr
 53938 | Zot:1    | Entered Level 1 of the Realm of Zot
 54031 | Zot:1    | Reached skill level 16 in Dodging
 54265 | Zot:2    | Reached XP level 26. HP: 145/145 MP: 40/40
 54579 | Zot:4    | Noticed an orb of fire
 54612 | Zot:4    | Gained mutation: You are weak. (Str -2) [an orb of fire]
 54626 | Zot:4    | Killed an orb of fire
 54631 | Zot:4    | Reached skill level 17 in Dodging
 54859 | Zot:5    | Entered Level 5 of the Realm of Zot
 54870 | Zot:5    | Got a smoking ring mail
 54871 | Zot:5    | Identified the cursed -4 ring mail "Fatup" {+Rage rElec Int+2} (You found it on level 5 of the Realm of Zot)
 54944 | Zot:5    | Gained mutation: Your body is slowly deteriorating. [mutagenic glow]
 54952 | Zot:5    | Lost mutation: You are weak. (Str -2) [potion of cure mutation]
 54952 | Zot:5    | Lost mutation: Your body is slowly deteriorating. [potion of cure mutation]
 54952 | Zot:5    | Lost mutation: You can translocate small distances at will. [potion of cure mutation]
 55099 | Zot:5    | Reached skill level 18 in Dodging
 55137 | Zot:5    | Noticed an ancient lich
 55141 | Zot:5    | Noticed an ancient lich
 55172 | Zot:5    | Noticed an ancient lich
 55206 | Zot:5    | Killed an ancient lich
 55213 | Zot:5    | Killed an ancient lich
 55232 | Zot:5    | Noticed an orb of fire
 55242 | Zot:5    | Killed an ancient lich
 55246 | Zot:5    | Gained mutation: Armour fits poorly on your strangely shaped body. [an orb of fire]
 55254 | Zot:5    | Killed an orb of fire
 55283 | Zot:5    | Noticed an orb of fire
 55302 | Zot:5    | Killed an orb of fire
 55302 | Zot:5    | Reached skill level 19 in Dodging
 55302 | Zot:5    | Reached XP level 27. HP: 150/150 MP: 40/40
 55303 | Zot:5    | Noticed an orb of fire
 55306 | Zot:5    | Gained mutation: Your magical capacity is low (-10% MP). [an orb of fire]
 55308 | Zot:5    | Lost mutation: Armour fits poorly on your strangely shaped body. [potion of cure mutation]
 55308 | Zot:5    | Lost mutation: Your magical capacity is low (-10% MP). [potion of cure mutation]
 55333 | Zot:5    | Killed an orb of fire
 55344 | Zot:5    | Noticed an ancient lich
 55377 | Zot:5    | Killed an ancient lich
 55487 | Zot:5    | Noticed an orb of fire
 55499 | Zot:5    | Gained mutation: You are clumsy. (Dex -2) [an orb of fire]
 55506 | Zot:5    | Noticed an orb of fire
 55520 | Zot:5    | Killed an orb of fire
 55520 | Zot:5    | Reached skill level 20 in Dodging
 55554 | Zot:5    | Killed an orb of fire
 55581 | Zot:5    | Got the Orb of Zot
 55612 | Zot:5    | Noticed Mnobu the pandemonium lord
 55665 | Zot:4    | Gained mutation: You are very clumsy. (Dex -4) [mutagenic glow]
 55732 | Zot:1    | Gained mutation: You have sharp toenails. [mutagenic glow]
 55819 | Depths:5 | Gained mutation: Your body is slowly deteriorating. [mutagenic glow]
 55864 | Depths:2 | Gained mutation: You occasionally shout uncontrollably at your foes. [mutagenic glow]
 55893 | Depths:2 | Noticed Buekk the pandemonium lord
 55921 | Depths:2 | Killed Buekk the pandemonium lord
 55933 | Depths:1 | Noticed Mnim the pandemonium lord
 55936 | Depths:1 | Gained mutation: You are frail (-10% HP). [mutagenic glow]
 55976 | D:13     | Gained mutation: Your vision is a little blurry. [mutagenic glow]
 56037 | D:10     | Gained mutation: Your magical capacity is low (-10% MP). [mutagenic glow]
 56094 | D:8      | Gained mutation: Your magical capacity is very low (-20% MP). [mutagenic glow]
 56147 | D:5      | Gained mutation: You are very frail (-20% HP). [mutagenic glow]
 56206 | D:2      | Gained mutation: Your vision is quite blurry. [mutagenic glow]
 56259 | D:1      | Gained mutation: You are weak. (Str -2) [mutagenic glow]
 56297 | D:1      | Gained mutation: Your vision is extremely blurry. [mutagenic glow]
 56299 | D:$      | Escaped with the Orb!

Vanquished Creatures
  Antaeus (Coc:7)
  Cerebov (Pan)
  the Serpent of Hell (Tar:7)
  Ereshkigal (Tar:7)
  Gloorx Vloq (Pan)
  Mnoleg (Pan)
  Lom Lobon (Pan)
  6 orbs of fire
  6 ancient liches
  A seraph (Pan)
  3 pandemonium lords
  3 Killer Klowns
  Mara (Depths:3)
  Geryon (Hell)
  3 golden dragons
  2 electric golems
  A bone dragon (Depths:5)
  2 pearl dragons (Pan)
  2 Brimstone Fiends (Pan)
  A Hell Sentinel (Pan)
  2 liches (Pan)
  9 tentacled monstrosities
  6 Ice Fiends
  18 Orb Guardians
  A deep elf blademaster (Elf:3)
  2 titans (Depths:2)
  7 Executioners (Pan)
  8 Shadow Fiends
  2 deep elf master archers (Elf:3)
  Murray (Depths:3)
  2 octopode crushers
  2 quicksilver dragons
  7 storm dragons
  3 sphinxes
  Frances (Elf:3)
  An ancient champion (WizLab)
  7 shadow dragons
  15 daevas (Pan)
  5 tengu reavers
  10 fire giants
  5 frost giants
  2 ghost moths
  Maud (Lair:5)
  4 deep elf sorcerers
  5 cacodemons (Pan)
  A draconian knight (Zot:3)
  7 emperor scorpions
  12 balrugs
  An orc warlord (Orc:4)
  2 iron dragons
  3 draconian zealots
  16 angels (Pan)
  9 deep elf demonologists
  2 draconian annihilators (Pan)
  2 blood saints (Pan)
  4 draconian shifters
  An elemental wellspring (Coc:7)
  2 spriggan defenders
  8 stone giants
  12 ophanim (Pan)
  18 reapers
  4 grey draconians
  10 very ugly things
  20 apis (Pan)
  2 vampire knights
  4 mottled draconians
  2 green draconians
  8 deep elf annihilators
  2 white draconians
  2 dire elephants
  3 purple draconians
  4 red draconians
  3 black draconians
  A corrupter (Pan)
  5 yellow draconians
  A dire elephant (shapeshifter) (Depths:2)
  3 pale draconians
  9 blizzard demons
  2 green deaths
  A merfolk javelineer (Depths:3)
  9 fire dragons
  13 deep elf death magi
  6 ettins (Depths:2)
  A spectral kraken (Tar:7)
  A merfolk impaler (Depths:4)
  6 deep elf high priests
  A kraken zombie (Coc:7)
  A quicksilver dragon zombie (Coc:5)
  4 vault guards (D:13)
  6 yaktaur captains
  6 death cobs
  7 hydras
  4 great orbs of eyes
  9 rakshasas
  4 centaur warriors
  2 monstrous demonspawn (Pan)
  18 ice dragons
  2 ogre magi (Depths:2)
  4 spriggan air magi
  7 deep troll earth magi
  17 dancing weapons (Elf:2)
  8 deep troll shamans
  A ghost crab (Tar:3)
  2 orc high priests
  2 vampire magi
  7 tengu warriors
  16 soul eaters
  29 death yaks
  3 spriggan berserkers
  A titan zombie (Coc:7)
  14 deep elf knights
  2 storm dragon zombies
  A fire crab (Lair:2)
  Nergalle (Orc:3)
  5 catoblepae
  A fire crab (shapeshifter) (Depths:5)
  20 sun demons
  2 hell hogs (Hell)
  9 hell knights
  26 skeletal warriors
  13 deep trolls
  14 cherubim (Pan)
  A flayed ghost (Tar:3)
  6 hill giants
  8 shadow wraiths
  A death drake (shapeshifter) (Depths:3)
  11 deep elf summoners
  6 anaconda zombies
  A golden dragon zombie (Coc:4)
  A ghost moth zombie (Coc:5)
  4 gelid demonspawn (Pan)
  8 shadow demons
  10 ice devils
  2 iron trolls
  5 unseen horrors
  4 giant orange brains
  A large abomination (Pan)
  An infernal demonspawn (Pan)
  A swamp dragon (Lair:4)
  3 ice statues
  7 putrid demonspawn
  A wolf spider zombie (Coc:4)
  Pikel (D:8)
  A golden dragon skeleton (Tar:7)
  A very ugly thing skeleton (D:15)
  A lindwurm (Lair:8)
  2 anaconda skeletons
  2 hellions
  A fire giant zombie (Coc:7)
  An orc sorcerer (Orc:3)
  13 deep elf conjurers
  23 ugly things
  2 frost giant zombies (Hell)
  3 griffons
  4 wizards
  7 sixfirhies
  4 manticores
  4 phantasmal warriors
  A shadow dragon skeleton (Pan)
  10 moths of wrath
  3 necromancers
  2 centaur zombies
  An iron dragon skeleton (Depths:1)
  A guardian serpent (Elf:1)
  9 smoke demons (Pan)
  2 elephants (Lair:7)
  An orc knight (Orc:4)
  A moth of wrath (shapeshifter) (Elf:1)
  2 frost giant skeletons
  2 stone giant skeletons (Pan)
  4 cyclopes
  2 gargoyles (D:13)
  3 centaur skeletons
  A spectral swamp worm (Tar:7)
  5 black mambas
  3 iron devils
  9 spiny frogs
  6 tormentors
  24 yaktaurs
  3 torpor snails
  11 orange demons (Pan)
  6 hellwings (Pan)
  A queen ant (Lair:8)
  5 tengu conjurers
  2 fire drakes
  21 blue devils
  An elf skeleton (Depths:1)
  9 komodo dragons
  3 demonic crawlers
  Grinder (D:4)
  An anaconda simulacrum (Hell)
  12 freezing wraiths
  5 trolls
  2 efreet (Pan)
  3 hydra zombies
  15 red devils
  12 slime creatures
  7 deep elf priests
  A harpy skeleton (Coc:7)
  13 ravens
  17 blink frogs
  An ice dragon zombie (Coc:7)
  4 alligator zombies
  A fire dragon zombie (Tar:6)
  A hydra skeleton (Coc:7)
  3 basilisks
  An ettin zombie (Depths:2)
  2 baby alligators (Lair:4)
  5 two-headed ogres
  2 ice dragon skeletons
  A fire dragon skeleton (D:13)
  5 air elementals (Depths:5)
  15 flying skulls
  12 ynoxinuls
  7 shadows
  5 wraiths
  A redback (Elf:1)
  24 water elementals
  A yak (shapeshifter) (D:13)
  35 deep elf magi
  3 hill giant zombies (WizLab)
  An elf zombie (D:15)
  59 yaks
  Eustachio (D:8)
  A golden eye (Pan)
  6 vampires
  4 fire bats
  4 wyverns
  6 vampire mosquitoes
  13 hippogriffs
  2 hungry ghosts
  A hell beast (Pan)
  A steam dragon (D:12)
  A chaos spawn (Pan)
  6 wolves (Lair:8)
  2 nagas (Lair:6)
  A human zombie (D:13)
  8 neqoxecs (Pan)
  3 wargs
  Edmund (D:4)
  Menkaure (D:6)
  4 swamp worms (Lair:6)
  38 orc warriors
  26 deep elf fighters
  5 soldier ants (Lair:8)
  8 spiders (Depths:4)
  15 water moccasins
  A human skeleton (D:15)
  A mottled dragon (D:13)
  4 ogre skeletons (Depths:2)
  A hydra simulacrum (Coc:4)
  7 ice beasts
  3 slaves (D:8)
  A manticore zombie (D:12)
  A merfolk skeleton (Coc:5)
  3 sky beasts
  2 spiny frog skeletons
  6 porcupines
  5 black bears
  18 ogres
  8 hell hounds
  5 boggarts (Depths:4)
  2 necrophages
  3 phantoms
  A swamp dragon skeleton (Coc:7)
  A big kobold (shapeshifter) (Depths:2)
  A boring beetle (Depths:4)
  A manticore skeleton (D:8)
  A snapping turtle skeleton (Coc:7)
  10 centaurs
  6 big kobolds
  Duvessa (D:8)
  14 crocodiles
  18 giant frogs
  A yaktaur zombie (Depths:1)
  A komodo dragon zombie (D:10)
  The ghost of Zero the Sneak, an average VSAs (D:3)
  Blork the orc (D:4)
  A brain worm (Pan)
  A hell hound zombie (Tar:7)
  A hippogriff zombie (D:14)
  A cyclops skeleton (D:15)
  5 killer bees
  8 troll zombies (WizLab)
  A shapeshifter zombie (D:15)
  2 scorpions
  42 wights
  6 electric eels
  An eye of draining (D:13)
  Dowan (D:8)
  30 orc priests
  7 crimson imps
  2 giant frog zombies
  2 iron imps
  2 kobold zombies
  A soldier ant zombie (D:9)
  12 hounds
  5 jellies
  32 orc wizards
  5 iguanas
  13 orange rats
  36 worker ants
  8 ogre zombies
  4 sheep (Lair:5)
  A crocodile skeleton (D:8)
  A hound skeleton (D:11)
  6 gnolls
  17 adders
  2 orc zombies
  A giant mite (D:5)
  7 shadow imps
  20 white imps
  37 green rats
  13 ufetubi
  2 worms
  An iguana zombie (D:5)
  An adder skeleton (D:10)
  An adder zombie (D:5)
  A giant eyeball (Pan)
  12 giant geckos
  An ooze (D:1)
  200 orcs
  A ball python (D:3)
  12 bats
  4 giant cockroaches
  18 hobgoblins
  5 jackals (D:4)
  11 quokkas
  2 giant gecko skeletons
  2 giant newts
  2 giant spores
  18 goblins
  A jackal skeleton (D:4)
  34 kobolds
  14 rats
  A spectral orc (Orc:3)
  10 ballistomycetes
  5 fungi
  A plant (Lair:6)
2221 creatures vanquished.

Vanquished Creatures (others)
  An eldritch tentacle (Coc:7)
  A deep elf high priest (Elf:3)
  A centaur warrior (D:14)
  6 death yaks
  An ice devil (IceCv)
  An orc knight (Orc:4)
  A griffon (Lair:5)
  2 ugly things
  A black mamba (Lair:3)
  2 manticores (D:15)
  3 elephants
  A gargoyle (D:15)
  A spiny frog (Lair:2)
  2 komodo dragons
  A blue devil (IceCv)
  A slime creature (D:12)
  5 yaks
  A deep elf fighter (D:15)
  3 hippogriffs
  2 nagas (Lair:6)
  2 sky beasts
  A hell hound (Volcano)
  A mottled dragon (D:15)
  2 orc warriors (Orc:4)
  A slave (D:8)
  A centaur (D:11)
  An ice beast (D:11)
  3 lost souls
  A giant frog (Lair:7)
  A big kobold (D:13)
  A cyclops zombie (D:9)
  A scorpion (D:4)
  A wyvern skeleton (D:8)
  A wight (D:14)
  A goliath beetle (D:6)
  3 orc priests
  2 hounds
  A worker ant (Lair:8)
  A basilisk skeleton (D:10)
  4 orc wizards
  3 white imps (IceCv)
  4 ufetubi
  An orc skeleton (D:8)
  7 orcs
  2 quokkas
  2 rats
  2 Mnoleg's tentacles (Pan)
  10 Mnoleg's tentacle segments (Pan)
  A bush (Lair:8)
  44 eldritch tentacle segments (Coc:7)
  A fungus (Lair:8)
  10 plants
  25 tentacles
  583 tentacle segments
762 creatures vanquished.

Grand Total: 2983 creatures vanquished
